 Dungeon Crawl Stone Soup version 0.29.1 (webtiles) character file.

Game seed: 15557979727617164947

2531455 sleeves the Cutthroat (level 27, 227/227 HPs)
             Began as a Gnoll Hunter on Sept 14, 2022.
             Was the Champion of Dithmenos.
             Escaped with the Orb
             ... and 5 runes on Sept 15, 2022!
             The game lasted 05:14:55 (100683 turns).

sleeves the Cutthroat (Gnoll Hunter)              Turns: 100683, Time: 05:14:56

Health: 227/227    AC: 42    Str: 13    XL:     27
Magic:  47/47      EV: 23    Int: 18    God:    Dithmenos [******]
Gold:   6640       SH: 22    Dex: 25    Spells: 14/67 levels left

rFire   + + +      SeeInvis .   H - +8 arc blade {discharge, rElec}
rCold   + . .      Faith    .   S - +4 kite shield {AC+3}
rNeg    + . .      Spirit   .   M - +8 fire dragon scales
rPois   .          Reflect  .   d - +1 helmet of Pan-Flutes {rN+ Str-3 Int+4}
rElec   +          Harm     .   J - scarf {rC+ rF+}
rCorr   +          Rampage  .   U - +2 pair of gloves {Str+3}
Will    ++++.                   o - +3 pair of mountain boots {steadfast, rC+}
Stlth   ++++......              B - amulet "Cajet" {Regen+ Slay+6}
HPRegen 1.27/turn               n - ring of Myam {rElec Will++ AC+4 Int-2 Slay+2}
MPRegen 0.30/turn               b - ring of Linearity {rCorr Dex+3 Slay+5}

@: wreathed by umbra, studying 3 skills
A: fangs 1, strong nose, distributed training, clever 1, deterioration 2
0: Orb of Zot
}: 5/15 runes: serpentine, barnacled, slimy, silver, abyssal
a: Renounce Religion, Shadow Step, Shadow Form


You escaped.
You worshipped Dithmenos.
Dithmenos was exalted by your worship.
You visited 13 branches of the dungeon, and saw 57 of its levels.
You visited the Abyss 1 time.
You visited 1 bazaar.
You also visited: Trove, Sewer and Volcano.

You collected 9072 gold pieces.
You spent 2432 gold pieces at shops.

Inventory:

Hand Weapons
 a - a +9 hand crossbow of flaming
   (You found it in a volcano)
 H - the +8 arc blade (weapon) {discharge, rElec}
   (You took it off an ironbound convoker on level 5 of the Vaults)

   It occasionally unleashes powerful arcs of lightning upon striking a foe.
   These may arc to other adjacent creatures (including the wielder, but dealing
   reduced damage to them) before grounding out.
   rElec:     It insulates you from electricity.
Missiles
 u - 10 throwing nets (quivered)
Armour
 d - the +1 helmet of Pan-Flutes (worn) {rN+ Str-3 Int+4}
   (You found it on level 4 of the Shoals)

   Str:       It affects your strength (-3).
   Int:       It affects your intelligence (+4).
   rN:        It protects you from negative energy.
 o - the +3 pair of mountain boots (worn) {steadfast, rC+}
   (You found it on level 2 of the Vaults)

   It prevents involuntary movement, except for blinking, teleportation, or
   banishment.
   rC:        It protects you from cold.
 x - the +6 ring mail "Seguygg" {rF+ Stlth+}
   (You found it on level 5 of the Vaults)

   rF:        It protects you from fire.
   Stlth:     It makes you more stealthy.
 F - the +9 scale mail of the Nightingale {Rampage Fly Int+7 Dex-5}
   (You found it on level 3 of the Crypt)

   Int:       It affects your intelligence (+7).
   Dex:       It affects your dexterity (-5).
   Fly:       It grants you flight.
   Rampage:   It bestows one free step when moving towards enemies.
 J - a scarf of resistance (worn)
   (You found it on level 2 of the Dungeon)
 M - +8 fire dragon scales (worn)
   (You found it on level 1 of the Depths)
 S - a +4 kite shield of protection (worn)
   (You took it off a tengu warrior on level 15 of the Dungeon)
 U - a +2 pair of gloves of strength (worn)
   (You found it on level 1 of the Elven Halls)
Jewellery
 b - the ring of Linearity (right hand) {rCorr Dex+3 Slay+5}
   (You found it in a treasure trove)

   [ring of resist corrosion]

   Dex:       It affects your dexterity (+3).
   Slay:      It affects your accuracy & damage with ranged weapons and melee
   (+5).
   rCorr:     It protects you from acid and corrosion.
 n - the ring of Myam (left hand) {rElec Will++ AC+4 Int-2 Slay+2}
   (You found it in a treasure trove)

   [ring of protection]

   AC:        It affects your AC (+4).
   Int:       It affects your intelligence (-2).
   Slay:      It affects your accuracy & damage with ranged weapons and melee
   (+2).
   rElec:     It insulates you from electricity.
   Will:      It greatly increases your willpower.
 r - the ring of Juotsif {rPois rN+ Int+2 SInv}
   (You found it on level 5 of the Vaults)

   [ring of see invisible]

   Int:       It affects your intelligence (+2).
   rPois:     It protects you from poison.
   rN:        It protects you from negative energy.
   SInv:      It lets you see invisible.
 v - the amulet "Ynin Gas" {Reflect Drain rPois Will+ Int+3 SH+5}
   (You bought it in a shop in a bazaar)

   [amulet of reflection]

   It reflects blocked missile attacks.
   Int:       It affects your intelligence (+3).
   rPois:     It protects you from poison.
   Drain:     It drains your maximum health when unequipped.
   SH:        It affects your SH (+5).
   Will:      It increases your willpower.
 B - the amulet "Cajet" (around neck) {Regen+ Slay+6}
   (You found it in a treasure trove)

   [amulet of regeneration]

   Slay:      It affects your accuracy & damage with ranged weapons and melee
   (+6).
   Regen:     It increases your rate of health regeneration.
 C - the ring of the Irksome God {rN+ rCorr}
   (You found it in a treasure trove)

   [ring of resist corrosion]

   rN:        It protects you from negative energy.
   rCorr:     It protects you from acid and corrosion.
 X - the ring of the Visionary {Wiz rPois Int+10 Dex-5}
   (You found it on level 1 of the Elven Halls)

   [ring of wizardry]

   It improves your spell success rate.
   Int:       It affects your intelligence (+10).
   Dex:       It affects your dexterity (-5).
   rPois:     It protects you from poison.
Wands
 s - a wand of mindburst (20)
   (You found it on level 4 of the Shoals)
 z - a wand of digging (4)
   (You found it on level 4 of the Lair of Beasts)
 K - a wand of acid (20)
   (You took it off Nessos on level 15 of the Dungeon)
 R - a wand of paralysis (29)
   (You found it on level 2 of the Lair of Beasts)
 Y - a wand of iceblast (30)
   (You took it off a centaur on level 9 of the Dungeon)
Scrolls
 j - 4 scrolls of magic mapping
 l - 9 scrolls of butterflies
 m - 7 scrolls of silence
 t - 14 scrolls of amnesia
 y - 3 scrolls of poison
 A - 8 scrolls of blinking
 L - 4 scrolls of enchant weapon
 P - 4 scrolls of fear
 Q - 25 scrolls of teleportation
 T - 10 scrolls of immolation
 V - 3 scrolls of summoning
Potions
 e - 25 potions of curing
 f - 6 potions of mutation
 g - 3 potions of cancellation
 h - 4 potions of resistance
 k - 5 potions of heal wounds
 p - 9 potions of magic
 q - 10 potions of flight
 w - 8 potions of invisibility
 G - 4 potions of ambrosia
 I - 11 potions of might
 N - 5 potions of brilliance
 Z - 4 potions of berserk rage
Miscellaneous
 c - a phial of floods
   (You found it on level 4 of the Shoals)
 i - a tin of tremorstones (2/2)
   (You found it on level 14 of the Dungeon)
 D - a phantom mirror (inert)
   (You found it on level 4 of the Snake Pit)
 E - a piece from Xom's chessboard (15/15)
   (You found it on level 5 of the Pits of Slime)
 W - a condenser vane
   (You found it on level 5 of the Lair of Beasts)


   Skills:
 + Level 20.9 Fighting
 + Level 25.1 Short Blades
 + Level 20.5 Long Blades
 + Level 20.5 Axes
 + Level 20.5 Maces & Flails
 + Level 20.5 Polearms
 + Level 20.5 Staves
 + Level 21.8 Ranged Weapons
 + Level 23.9 Throwing
 + Level 20.5 Armour
 + Level 20.9 Dodging
 + Level 20.6 Stealth
 + Level 20.5 Shields
 + Level 20.5 Unarmed Combat
 + Level 20.5 Spellcasting
 + Level 17.5 Conjurations
 + Level 17.5 Hexes
 + Level 17.5 Summonings
 + Level 17.5 Necromancy
 + Level 17.5 Translocations
 + Level 17.5 Transmutations
 + Level 17.5 Fire Magic
 + Level 19.5 Ice Magic
 + Level 17.5 Air Magic
 + Level 17.5 Earth Magic
 + Level 17.5 Poison Magic
 + Level 22.1 Invocations
 + Level 20.5 Evocations


You had 14 spell levels left.
You knew the following spells:

 Your Spells              Type           Power      Damage    Failure   Level
a - Mephitic Cloud        Conj/Pois/Air  69%        N/A       1%          3
b - Blink                 Tloc           100%       N/A       0%          2
c - Ignite Poison         Fire/Tmut/Pois 69%        N/A       1%          3
d - Petrify               Tmut/Erth      69%        N/A       1%          4
e - Alistair's Intoxicat  Tmut/Pois      46%        N/A       1%          5
f - Freezing Cloud        Conj/Ice/Air   35%        6-21      1%          5
g - Passage of Golubria   Tloc           69%        N/A       1%          4
h - Portal Projectile     Hex/Tloc       100%       N/A       1%          3
i - Apportation           Tloc           100%       N/A       0%          1
j - Haunt                 Necr/Summ      34%        N/A       7%          7
k - Borgnjor's Revivific  Necr           34%        N/A       47%         8
l - Necromutation         Tmut/Necr      34%        N/A       47%         8

Your spell library contained the following spells:

 Spells                   Type           Power      Damage    Failure   Level
 Magic Dart               Conj           100%       1d8       0%          1
 Necrotise                Necr           100%       1d9       0%          1
 Sandblast                Erth           100%       2d20      0%          1
 Summon Small Mammal      Summ           100%       N/A       0%          1
 Call Imp                 Summ           69%        N/A       0%          2
 Ensorcelled Hibernation  Hex/Ice        100%       N/A       0%          2
 Passwall                 Tmut/Erth      57%        N/A       0%          2
 Scorch                   Fire           100%       2d10      0%          2
 Sublimation of Blood     Necr           69%        N/A       0%          2
 Frozen Ramparts          Ice            100%       1d16      0%          3
 Ozocubu's Armour         Ice            73%        N/A       0%          3
 Call Canine Familiar     Summ           69%        N/A       1%          3
 Dazzling Flash           Conj/Hex       100%       N/A       1%          3
 Gell's Gravitas          Tloc           69%        N/A       1%          3
 Inner Flame              Hex/Fire       69%        N/A       1%          3
 Lesser Beckoning         Tloc           69%        N/A       1%          3
 Spider Form              Tmut/Pois      69%        N/A       1%          3
 Stone Arrow              Conj/Erth      100%       3d13      1%          3
 Swiftness                Air            69%        N/A       1%          3
 Teleport Other           Tloc           69%        N/A       1%          3
 Tukima's Dance           Hex            69%        N/A       1%          3
 Anguish                  Hex/Necr       34%        N/A       1%          4
 Animate Armour           Summ/Erth      100%       N/A       1%          4
 Animate Dead             Necr           69%        N/A       1%          4
 Cause Fear               Hex            34%        N/A       1%          4
 Corpse Rot               Necr/Pois/Air  69%        N/A       1%          4
 Dispel Undead            Necr           69%        3d23      1%          4
 Flame Wave               Conj/Fire      69%        2d16      1%          4
 Ice Form                 Ice/Tmut       71%        N/A       1%          4
 Iskenderun's Mystic Bla  Conj/Tloc      69%        2d14      1%          4
 Leda's Liquefaction      Hex/Erth       34%        N/A       1%          4
 Summon Ice Beast         Ice/Summ       71%        N/A       1%          4
 Agony                    Necr           69%        N/A       1%          5
 Blade Hands              Tmut           34%        N/A       1%          5
 Borgnjor's Vile Clutch   Necr/Erth      34%        N/A       1%          5
 Fireball                 Conj/Fire      34%        3d14      1%          5
 Irradiate                Conj/Tmut      34%        3d23      1%          5
 Iskenderun's Battlesphe  Conj           69%        2d12      1%          5
 Lee's Rapid Deconstruct  Erth           34%        3d18*     1%          5
 Manifold Assault         Tloc           69%        N/A       1%          5
 Metabolic Englaciation   Hex/Ice        35%        N/A       1%          5
 Silence                  Hex/Air        34%        N/A       1%          5
 Yara's Violent Unravell  Hex/Tmut       34%        3d14      1%          5
 Conjure Ball Lightning   Conj/Air       34%        3x3d11    1%          6
 Death Channel            Necr           34%        N/A       1%          6
 Eringya's Noxious Bog    Tmut/Pois      34%        N/A       1%          6
 Iron Shot                Conj/Erth      34%        9d7       1%          6
 Simulacrum               Ice/Necr       35%        N/A       1%          6
 Starburst                Conj/Fire      34%        6d10      1%          6
 Statue Form              Tmut/Erth      46%        N/A       1%          6
 Summon Cactus Giant      Summ           34%        N/A       1%          6
 Ozocubu's Refrigeration  Ice            36%        4d15      3%          7
 Dragon Form              Tmut           34%        N/A       7%          7
 Orb of Destruction       Conj           34%        9d10      7%          7
 Spellforged Servitor     Conj/Summ      34%        N/A       7%          7
 Storm Form               Tmut/Air       34%        N/A       7%          7
 Discord                  Hex            34%        N/A       47%         8
 Ignition                 Fire           34%        3d11      47%         8
 Infestation              Necr           34%        N/A       47%         8
 Lehudib's Crystal Spear  Conj/Erth      34%        10d9      47%         8
 Chain Lightning          Conj/Air       34%        3d46      100%        9
 Death's Door             Necr           34%        N/A       100%        9
 Dragon's Call            Summ           34%        N/A       100%        9
 Fire Storm               Conj/Fire      34%        8d9       100%        9
 Shatter                  Erth           34%        3d28*     100%        9


Dungeon Overview and Level Annotations

Branches:
Dungeon (15/15)            Temple (1/1) D:6            Lair (5/5) D:9
 Shoals (4/4) Lair:3        Snake (4/4) Lair:2        Slime (5/5) Lair:4
    Orc (2/2) D:9             Elf (3/3) Orc:2        Vaults (5/5) D:14
  Crypt (3/3) Vaults:3       Tomb (0/3) Crypt:3      Depths (4/4) D:15
   Hell (visited)             Dis (0/7) Hell            Geh (0/7) Hell
    Zot (5/5) Depths:4      Sewer (visited)         Volcano (visited)
    Coc: Hell:1         Tar: Hell:1

Altars:
Ashenzari
Cheibriados
Dithmenos
Elyvilon
Fedhas
Gozag
Hepliaklqana
Kikubaaqudgha
Makhleb
Nemelex Xobeh
Okawaru
Qazlal
Ru
Sif Muna
Trog
Uskayaw
Vehumet
Wu Jian
Xom
Yredelemnul
Zin
The Shining One
Jiyva

Shops:
D:7 =[*   D:15 *   Orc:1 !   Orc:2 !([*   Shoals:2 *   Snake:2 =::!
Snake:3 :!*(   Snake:4 *(:   Vaults:1 *   Vaults:2 [   Depths:1 [***
Depths:2 (   Depths:4 (

Portals:
Hell: Depths:1 Depths:2 Depths:3 Depths:4
Abyss: Depths:3 Depths:4
Pandemonium: Depths:2
Ziggurat: Depths:1

Annotations:
D:3 exclusion: downstairs
Lair:4 2 transporters, LustLizard's ghost, journeyman TrFi
Elf:1 Zenata


Innate Abilities, Weirdness & Mutations

You have very sharp teeth.
Your uncanny sense of smell can sniff out nearby items.
Your experience applies equally to all skills.
Your mind is acute. (Int +4, Str/Dex -1)
Your body often deteriorates upon taking damage.


Message History

The Orb Guardian is severely wounded.
You resist.
You are struck by an arc of lightning.
The Orb Guardian is struck by an arc of lightning!
The Orb Guardian is almost dead.
You resist.
You are struck by an arc of lightning.
The Orb Guardian is struck by an arc of lightning!
You kill the Orb Guardian!
Dithmenos accepts your kill.
The lightning grounds out.
You feel your strength returning.
Your life force feels restored.
Your Short Blades skill increases to level 25!
You start resting.
An Orb Guardian is nearby!
You block the Orb Guardian's attack.
You hit the Orb Guardian.
The Orb Guardian is lightly wounded.
Your shadow hits the Orb Guardian but does no damage.
You block the Orb Guardian's attack.
You puncture the Orb Guardian!
The Orb Guardian is lightly wounded.
You closely miss the Orb Guardian. Your bite misses the Orb Guardian.
The Orb Guardian is lightly wounded.
Your shadow closely misses the Orb Guardian.
You block the Orb Guardian's attack.
You impale the Orb Guardian!!
The arc blade crackles.
The Orb Guardian is struck by an arc of lightning.
The Orb Guardian is heavily wounded.
You resist.
You are struck by an arc of lightning.
The Orb Guardian is struck by an arc of lightning.
The Orb Guardian is heavily wounded.
The lightning grounds out.
You bite the Orb Guardian!
The Orb Guardian is heavily wounded.
The Orb Guardian completely misses you.
You miss the Orb Guardian. You bite the Orb Guardian.
The Orb Guardian is severely wounded.
The Orb Guardian closely misses you.
You impale the Orb Guardian!! You bite the Orb Guardian!
The Orb Guardian is almost dead.
Your shadow hits the Orb Guardian but does no damage.
You strike the helpless Orb Guardian from behind!
You skewer the Orb Guardian like a kebab!!!!
The arc blade crackles.
The air crackles with electrical energy.
You kill the Orb Guardian!
Dithmenos accepts your kill.
You start resting.
A moth of wrath is nearby!
Your passage of Golubria closes with a snap!
The arc blade stops crackling.
Your +9 hand crossbow of flaming bursts into flame!
a - a +9 hand crossbow of flaming (weapon)
Fire: a) +9 hand crossbow (flame)
Press: ? - help, Q - select action, (/) - cycle Shift-Dir - straight line, f - moth of wrath
Aim: a moth of wrath (umbra, 84% to hit)
You shoot a bolt. The bolt hits the moth of wrath!!!
The bolt burns the moth of wrath.
The moth of wrath is severely wounded.
Your shadow shoots a bolt.
The bolt hits the moth of wrath!
You kill the moth of wrath!
Dithmenos accepts your kill.
The ancient lich casts a spell.
The ancient lich flickers and vanishes!
Deactivating autopickup; reactivate with Ctrl-A.
You start resting.
An orb of fire is nearby!
You're wearing all the rings you can.
Remove which one? (? for menu, Esc to cancel) < or
n - the ring of Myam {rElec Will++ AC+4 Int-2 Slay+2} > or
b - the ring of Linearity {rCorr Dex+3 Slay+5} You remove the ring of Linearity {rCorr Dex+3 Slay+5}.
You feel clever.
You feel clumsy.
X - the ring of the Visionary (right hand) {Wiz rPois Int+10 Dex-5}
Casting: Passage of Golubria (safe; 1% risk of failure)
Confirm with . or Enter, or press ? or * to list all spells.
Your body is suffused with negative energy!
The orb of fire glows deep purple.
The fireball explodes!
The fireball engulfs you. You resist.
You're wearing all the rings you can.
Remove which one? (? for menu, Esc to cancel) < or
n - the ring of Myam {rElec Will++ AC+4 Int-2 Slay+2} > or
X - the ring of the Visionary {Wiz rPois Int+10 Dex-5} You remove the ring of the Visionary {Wiz rPois Int+10 Dex-5}.
You feel agile.
b - the ring of Linearity (right hand) {rCorr Dex+3 Slay+5} You shoot a bolt.
The bolt hits the orb of fire!!
The orb of fire is lightly damaged.
You shoot a bolt. The bolt hits the orb of fire!!
The orb of fire is moderately damaged.
Your shadow shoots a bolt.
The bolt barely misses the orb of fire.
You shoot a bolt. The bolt hits the orb of fire!!
The orb of fire is heavily damaged.
The orb of fire glows yellow.
The bolt of fire hits you but does no damage.
The orb of fire glows yellow.
The bolt of fire hits you! You resist.
You shoot a bolt. The bolt hits the orb of fire!!
The orb of fire is severely damaged.
Your shadow shoots a bolt.
The bolt closely misses the orb of fire.
You shoot a bolt. The bolt hits the orb of fire!!
The orb of fire is severely damaged.
Your shadow shoots a bolt.
The bolt hits the orb of fire but does no damage.
The orb of fire emits a lurid red light.
The bolt of fire hits you. You resist.
You shoot a bolt. The bolt hits the orb of fire!!
The orb of fire is almost destroyed.
Your shadow shoots a bolt.
The bolt hits the orb of fire but does no damage.
You shoot a bolt.
The bolt hits the orb of fire but does no damage.
The orb of fire is almost destroyed.
The orb of fire glows bright magenta.
The fireball explodes!
The fireball engulfs you but does no damage.
You resist.
The fireball engulfs the orb of fire.
The orb of fire completely resists.
The orb of fire glows deep purple.
The bolt of fire misses you.
You shoot a bolt. The bolt hits the orb of fire!!!
You destroy the orb of fire!
Dithmenos accepts your kill.
HP restored.
Magic restored.
Your transformation is almost over.
You feel yourself come back to life.
You see here the Orb of Zot.
There is a strange disturbance nearby!
You see here the Orb of Zot.
You're wearing all the rings you can.
Remove which one? (? for menu, Esc to cancel) < or
n - the ring of Myam {rElec Will++ AC+4 Int-2 Slay+2} > or
b - the ring of Linearity {rCorr Dex+3 Slay+5} You remove the ring of Linearity {rCorr Dex+3 Slay+5}.
Reactivating autopickup.
You feel clever.
r - the ring of Juotsif (right hand) {rPois rN+ Int+2 SInv} You're wearing all the rings you can.
Remove which one? (? for menu, Esc to cancel) < or
n - the ring of Myam {rElec Will++ AC+4 Int-2 Slay+2} > or
r - the ring of Juotsif {rPois rN+ Int+2 SInv}
Okay, then.
Unknown command.
You're wearing all the rings you can.
Remove which one? (? for menu, Esc to cancel) < or
n - the ring of Myam {rElec Will++ AC+4 Int-2 Slay+2} > or
r - the ring of Juotsif {rPois rN+ Int+2 SInv} You remove the ring of Juotsif {rPois rN+ Int+2 SInv}.
You feel clever.
You feel clumsy.
X - the ring of the Visionary (right hand) {Wiz rPois Int+10 Dex-5}
Casting: Necromutation (dangerous; 12% risk of failure)
Confirm with . or Enter, or press ? or * to list all spells.
Your body is suffused with negative energy!
You pick up the Orb of Zot!
The Orb lets out a hideous shriek!
The lords of Pandemonium are not amused.
Beware!
Now all you have to do is get back out of the dungeon!
You hear a roar! x2; You hear a shout! x2; You hear a deafening roar!
You're wearing all the rings you can.
Remove which one? (? for menu, Esc to cancel) < or
n - the ring of Myam {rElec Will++ AC+4 Int-2 Slay+2} > or
X - the ring of the Visionary {Wiz rPois Int+10 Dex-5} You remove the ring of the Visionary {Wiz rPois Int+10 Dex-5}.
You feel agile.
b - the ring of Linearity (right hand) {rCorr Dex+3 Slay+5} A Kugutayg, a hellwing and a small abomination come into view.
A small abomination comes into view.
The hellwing gives a chilling moan.
Casting: Necromutation (dangerous; 50% risk of failure)
Confirm with . or Enter, or press ? or * to list all spells.
Aiming: Passage of Golubria (safe; 1% risk of failure)
Press: ? - help, Dir - move target, f - you
Okay, then.
Unknown command.
Press: ? - help, v - describe, . - travel
Here: Kugutayg (umbra)
The floor.
Unknown command.
Unknown command.
Unknown command.
Unknown command.
Casting: Passage of Golubria (safe; 1% risk of failure)
Confirm with . or Enter, or press ? or * to list all spells.
You begin teleporting projectiles to their destination.
Fire: a) +9 hand crossbow (flame)
Press: ? - help, Q - select action, (/) - cycle Shift-Dir - straight line, f - Kugutayg
Aim: Kugutayg (umbra, 86% to hit)
You magically shoot a bolt.
The bolt hits Kugutayg!!!
The bolt burns Kugutayg!
Kugutayg is moderately wounded.
Kugutayg gestures at you.
The small abomination blinks!
The hellwing blinks!
The small abomination blinks!
Fire: a) +9 hand crossbow (flame)
Press: ? - help, Q - select action, (/) - cycle Shift-Dir - straight line, f/p - Kugutayg
Aim: Kugutayg (moderately wounded, umbra, 86% to hit)
You magically shoot a bolt.
The bolt hits Kugutayg!!!
The bolt burns Kugutayg.
Kugutayg is heavily wounded.
You block the hellwing's attack. x2
The small abomination closely misses you.
You block the small abomination's attack.
The hellwing completely misses you. x2
You block the small abomination's attack.
Fire: a) +9 hand crossbow (flame)
Press: ? - help, Q - select action, (/) - cycle Shift-Dir - straight line, f/p - Kugutayg
Aim: Kugutayg (heavily wounded, umbra, 86% to hit)
You magically shoot a bolt.
The bolt hits Kugutayg!!
The bolt burns Kugutayg!
Kugutayg is severely wounded.
You block the small abomination's attack.
The hellwing closely misses you. You block the hellwing's attack.
You block the small abomination's attack.
Fire: a) +9 hand crossbow (flame)
Press: ? - help, Q - select action, (/) - cycle Shift-Dir - straight line, f/p - Kugutayg
Aim: Kugutayg (severely wounded, umbra, 86% to hit)
You magically shoot a bolt.
The bolt hits Kugutayg.
The bolt burns Kugutayg.
Kugutayg is severely wounded.
You block the hellwing's attack. x2
You block the small abomination's attack.
The small abomination hits you!
Fire: a) +9 hand crossbow (flame)
Press: ? - help, Q - select action, (/) - cycle Shift-Dir - straight line, f/p - Kugutayg
Aim: Kugutayg (severely wounded, umbra, 86% to hit)
You magically shoot a bolt.
The bolt hits Kugutayg!!
The bolt burns Kugutayg.
Kugutayg is almost dead.
The hellwing hits you but does no damage.
The hellwing completely misses you.
You block the small abomination's attack.
Kugutayg hits you!!
The small abomination barely misses you.
Fire: a) +9 hand crossbow (flame)
Press: ? - help, Q - select action, (/) - cycle Shift-Dir - straight line, f/p - Kugutayg
Aim: Kugutayg (almost dead, umbra, 86% to hit)
You magically shoot a bolt.
The bolt hits Kugutayg!!
The bolt burns Kugutayg.
You kill Kugutayg!
Dithmenos accepts your kill. You block the hellwing's attack. x2
The small abomination barely misses you.
You block the hellwing's attack. The hellwing misses you.
You block the small abomination's attack.
The hellwing hits you but does no damage.
You block the hellwing's attack.
Fire: a) +9 hand crossbow (flame)
Press: ? - help, Q - select action, (/) - cycle Shift-Dir - straight line, f - hellwing
Aim: a hellwing (umbra, 88% to hit)
You magically shoot a bolt.
The bolt hits the hellwing!!
The bolt burns the hellwing!
The hellwing is severely wounded.
You block the small abomination's attack. x2
The hellwing completely misses you. The hellwing closely misses you.
Fire: a) +9 hand crossbow (flame)
Press: ? - help, Q - select action, (/) - cycle Shift-Dir - straight line, f/p - hellwing
Aim: a hellwing (severely wounded, umbra, 88% to hit)
You magically shoot a bolt.
The bolt hits the hellwing but does no damage.
The hellwing is severely wounded.
You block the small abomination's attack.
You block the hellwing's attack. x2; The small abomination misses you.
Fire: a) +9 hand crossbow (flame)
Press: ? - help, Q - select action, (/) - cycle Shift-Dir - straight line, f/p - hellwing
Aim: a hellwing (heavily wounded, umbra, 88% to hit)
You magically shoot a bolt.
The bolt barely misses the hellwing.
The hellwing hits you but does no damage.
You block the hellwing's attack.
You block the small abomination's attack. x2
Fire: a) +9 hand crossbow (flame)
Press: ? - help, Q - select action, (/) - cycle Shift-Dir - straight line, f/p - hellwing
Aim: a hellwing (heavily wounded, umbra, 88% to hit)
You magically shoot a bolt.
The bolt hits the hellwing!!
The bolt burns the hellwing.
You kill the hellwing!
Dithmenos accepts your kill.
You are no longer teleporting projectiles to their destination.
The small abomination completely misses you.
A Brimstone Fiend comes into view.
Fire: a) +9 hand crossbow (flame)
Press: ? - help, Q - select action, (/) - cycle Shift-Dir - straight line, f - small abomination
Aim: a small abomination (umbra, 84% to hit)
You shoot a bolt.
The bolt closely misses the small abomination.
Your shadow shoots a bolt.
The bolt hits the small abomination but does no damage.
You block the small abomination's attack. x2
Fire: a) +9 hand crossbow (flame)
Press: ? - help, Q - select action, (/) - cycle Shift-Dir - straight line, f/p - small abomination
Aim: a small abomination (umbra, 84% to hit)
You shoot a bolt. The bolt hits the small abomination!!!
The bolt burns the small abomination!
You destroy the small abomination!
Dithmenos accepts your kill.
Your shadow shoots a bolt.
You block the small abomination's attack.
Fire: a) +9 hand crossbow (flame)
Press: ? - help, Q - select action, (/) - cycle Shift-Dir - straight line, f - Brimstone Fiend
Aim: a Brimstone Fiend (umbra, 89% to hit)
You shoot a bolt. The bolt hits the Brimstone Fiend!!
The Brimstone Fiend is lightly wounded.
The small abomination hits you but does no damage.
Fire: a) +9 hand crossbow (flame)
Press: ? - help, Q - select action, (/) - cycle Shift-Dir - straight line, f/p - Brimstone Fiend
Aim: a Brimstone Fiend (lightly wounded, umbra, 89% to hit)
You shoot a bolt. The bolt hits the Brimstone Fiend!!!
The Brimstone Fiend is severely wounded.
You block the small abomination's attack.
The Brimstone Fiend gestures at you.
The sphere of damnation explodes!
The damnation engulfs you!!
The damnation engulfs the small abomination!
Fire: a) +9 hand crossbow (flame)
Press: ? - help, Q - select action, (/) - cycle Shift-Dir - straight line, f/p - Brimstone Fiend
Aim: a Brimstone Fiend (severely wounded, umbra, 89% to hit)
You shoot a bolt. The bolt hits the Brimstone Fiend!!!
You kill the Brimstone Fiend!
Dithmenos accepts your kill.
Your shadow shoots a bolt.
You block the small abomination's attack. x2
Fire: a) +9 hand crossbow (flame)
Press: ? - help, Q - select action, (/) - cycle Shift-Dir - straight line, f - small abomination
Aim: a small abomination (heavily damaged, umbra, 85% to hit)
You shoot a bolt. The bolt hits the small abomination!!
The bolt burns the small abomination.
You destroy the small abomination!
Dithmenos accepts your kill.
Your transformation is almost over.
You see here quicksilver dragon scales.
You feel yourself come back to life.
Really walk into that net trap?
You become entangled in the net!
There is a net trap here.
You see here a throwing net.
You struggle against the net.
You struggle against the net.
You rip the net and break free!
You're wearing all the rings you can.
Remove which one? (? for menu, Esc to cancel) < or
n - the ring of Myam {rElec Will++ AC+4 Int-2 Slay+2} > or
b - the ring of Linearity {rCorr Dex+3 Slay+5} You remove the ring of Linearity {rCorr Dex+3 Slay+5}.
You feel clever.
You feel clumsy.
X - the ring of the Visionary (right hand) {Wiz rPois Int+10 Dex-5}
Casting: Portal Projectile (safe; 0% risk of failure)
Confirm with . or Enter, or press ? or * to list all spells.
Your body is suffused with negative energy!
You're wearing all the rings you can.
Remove which one? (? for menu, Esc to cancel) < or
n - the ring of Myam {rElec Will++ AC+4 Int-2 Slay+2} > or
X - the ring of the Visionary {Wiz rPois Int+10 Dex-5} You remove the ring of the Visionary {Wiz rPois Int+10 Dex-5}.
You feel agile.
b - the ring of Linearity (right hand) {rCorr Dex+3 Slay+5} A storm dragon comes into view.
A smoke demon comes into view.
The smoke demon gestures at you. The ball of steam misses you.
The smoke demon moves out of view.
There is an open door here.
The smoke demon gestures at you. The ball of steam misses you.
The smoke demon attacks as you move away!
You block the smoke demon's attack. The smoke demon barely misses you.
You block the smoke demon's attack.
The smoke demon attacks as you move away!
You block the smoke demon's attack. x2
The smoke demon hits you but does no damage.
The smoke demon attacks as you move away!
The smoke demon closely misses you. You block the smoke demon's attack. x2
The electric golem hits you but does no damage.
The electric golem closely misses you. The electric golem misses you.
The electric golem closely misses you. You block the electric golem's attack.
The electric golem hits you. The electric golem shocks you. You resist.
You block the electric golem's attack.
The electric golem hits you but does no damage.
The electric golem hurls lightning at you.
The bolt of lightning hits you! You resist. The bolt of lightning misses you.
The bolt of lightning hits the electric golem.
The electric golem completely resists.
The smoke demon gestures at you. Something smites you!
A shadow demon comes into view.
The electric golem attacks as you move away!
The electric golem hits you but does no damage.
You block the electric golem's attack.
The electric golem closely misses you. x2
There is a stone staircase leading up here.
The electric golem hits you but does no damage.
You block the electric golem's attack. x4
The electric golem closely misses you. The electric golem barely misses you.
The electric golem hits you but does no damage.
You climb upwards.
Your transformation is almost over.
There is a stone staircase leading down here.
You shoot a bolt. The bolt hits the electric golem!
The bolt burns the electric golem.
The electric golem is lightly damaged.
You block the electric golem's attack. x2; The electric golem misses you.
The electric golem closely misses you.
The electric golem hurls lightning at you.
The bolt of lightning hits you! You resist. The bolt of lightning misses you.
You shoot a bolt. The bolt hits the electric golem!!
The bolt burns the electric golem.
The electric golem is moderately damaged.
The electric golem blinks!
The electric golem hurls lightning at you.
The bolt of lightning hits you. You resist. The bolt of lightning misses you.
You shoot a bolt.
The bolt closely misses the electric golem.
Your shadow shoots a bolt.
The bolt hits the electric golem but does no damage.
The electric golem hurls lightning at you.
The bolt of lightning hits you. You resist. The bolt of lightning misses you.
The electric golem crackles and sizzles.
The electric golem hurls lightning at you.
The bolt of lightning misses you. The bolt of lightning hits you. You resist.
You shoot a bolt. The bolt hits the electric golem!!!
The bolt burns the electric golem.
The electric golem is severely damaged.
The electric golem blinks!
You shoot a bolt. The bolt misses the electric golem.
Your shadow shoots a bolt.
The bolt hits the electric golem!
The electric golem crackles and sizzles.
The electric golem hurls lightning at you.
The bolt of lightning hits you. You resist.
You shoot a bolt. The bolt hits the electric golem!!!
The bolt burns the electric golem.
You destroy the electric golem!
Dithmenos accepts your kill.
(D) Dungeon (T) Temple (L) Lair (A) Shoals (P) Snake Pit (M) Slime Pits (O) Orcish Mines (E) Elven Halls (V) Vaults (C) Crypt (W) Tomb (U) Depths (H) Hell (I) Dis (G) Gehenna (Z) Zot
Where to? (Enter - Zot:5 @ (x,y), ? - help)
You feel yourself come back to life.
You see here 3 scrolls of identify.
An angel comes into view. It is wielding a +1 whip of holy wrath.
You shoot a bolt. The bolt hits the angel!!!
The bolt burns the angel!!
The angel is heavily wounded.
Your shadow shoots a bolt.
The bolt hits the angel.
You shoot a bolt. The bolt hits the angel!
The bolt burns the angel.
The angel is severely wounded.
Your shadow shoots a bolt.
The bolt closely misses the angel.
You shoot a bolt. The bolt hits the angel!
The bolt burns the angel.
The angel is almost dead.
The angel gestures.
The angel is healed somewhat.
You shoot a bolt. The bolt closely misses the angel.
Your shadow shoots a bolt.
The bolt hits the angel.
The angel gestures.
The angel is healed somewhat.
You shoot a bolt. The bolt completely misses the angel.
The angel gestures.
The angel is healed somewhat.
An Orb Guardian comes into view.
You shoot a bolt. The bolt misses the angel.
The bolt closely misses the Orb Guardian.
Your shadow shoots a bolt.
The bolt hits the angel!
The angel closely misses you. The angel hits you but does no damage.
You shoot a bolt. The bolt misses the angel.
The bolt hits the Orb Guardian!!
The bolt burns the Orb Guardian!
The Orb Guardian is heavily wounded.
Your shadow shoots a bolt.
The bolt hits the angel but does no damage.
The angel gestures.
The angel is healed somewhat.
The angel misses you. You block the angel's attack.
You shoot a bolt. The bolt hits the angel!!!
The bolt burns the angel!
You kill the angel!
Dithmenos accepts your kill.
Your shadow shoots a bolt.
You shoot a bolt.
The bolt closely misses the Orb Guardian.
You shoot a bolt. The bolt hits the Orb Guardian!!
The bolt burns the Orb Guardian.
The Orb Guardian is severely wounded.
Your shadow shoots a bolt.
The bolt hits the Orb Guardian!
You shoot a bolt. The bolt hits the Orb Guardian!
The bolt burns the Orb Guardian.
You kill the Orb Guardian!
Dithmenos accepts your kill.
Things that are here:
a +1 whip of holy wrath; a +0 robe A glowing orange brain comes into view.
You can't go up here!
You shoot a bolt. The bolt hits the glowing orange brain.
The bolt burns the glowing orange brain.
The glowing orange brain is lightly wounded.
Your shadow shoots a bolt.
The bolt hits the glowing orange brain.
You shoot a bolt.
The bolt hits the glowing orange brain!!
The bolt burns the glowing orange brain.
The glowing orange brain is almost dead.
Your shadow shoots a bolt.
The bolt barely misses the glowing orange brain.
You shoot a bolt.
The bolt hits the glowing orange brain!!
The bolt burns the glowing orange brain.
You kill the glowing orange brain!
Dithmenos accepts your kill.
Your shadow shoots a bolt.
(D) Dungeon (T) Temple (L) Lair (A) Shoals (P) Snake Pit (M) Slime Pits (O) Orcish Mines (E) Elven Halls (V) Vaults (C) Crypt (W) Tomb (U) Depths (H) Hell (I) Dis (G) Gehenna (Z) Zot
Where to? (Enter - Zot:4 @ (x,y), ? - help)
A cherub comes into view.
It is wielding a +4 scimitar of flaming.
You can't go up here!
Unknown command.
You shoot a bolt. The cherub blocks the bolt.
Your shadow shoots a bolt.
The bolt hits the cherub.
You shoot a bolt. The bolt hits the cherub!!!
The bolt burns the cherub.
The cherub is almost dead.
The cherub unwields a +4 scimitar of flaming.
It stops flaming.
The cherub wields a +0 sling.
The cherub shoots a sling bullet.
You block the sling bullet.
You shoot a bolt. The bolt completely misses the cherub.
The cherub shoots a sling bullet.
The sling bullet hits you but does no damage.
You shoot a bolt. The cherub blocks the bolt.
The cherub shoots a sling bullet.
You block the sling bullet.
You shoot a bolt. The cherub blocks the bolt.
The cherub shoots a sling bullet.
You block the sling bullet.
You shoot a bolt. The bolt hits the cherub.
The bolt burns the cherub.
The cherub is almost dead.
Your shadow shoots a bolt.
The cherub blocks the bolt.
The cherub shoots a sling bullet.
You block the sling bullet.
You shoot a bolt. The bolt hits the cherub!!
The bolt burns the cherub.
You kill the cherub!
Dithmenos accepts your kill.
There is a stone staircase leading up here.
You climb upwards.
There is a stone staircase leading down, spattered with blood here.
An Orb Guardian comes into view.
You shoot a bolt. The bolt hits the Orb Guardian!!
The bolt burns the Orb Guardian.
The Orb Guardian is moderately wounded.
You shoot a bolt. The bolt hits the Orb Guardian!!
The bolt burns the Orb Guardian!
The Orb Guardian is almost dead.
The Orb Guardian completely misses you.
You shoot a bolt. The bolt hits the Orb Guardian!!!
The bolt burns the Orb Guardian.
You kill the Orb Guardian!
Dithmenos accepts your kill.
You hear a deafening roar!
(D) Dungeon (T) Temple (L) Lair (A) Shoals (P) Snake Pit (M) Slime Pits (O) Orcish Mines (E) Elven Halls (V) Vaults (C) Crypt (W) Tomb (U) Depths (H) Hell (I) Dis (G) Gehenna (Z) Zot
Where to? (Enter - Zot:3 @ (x,y), ? - help)
Okay, then.
Unknown command.
(D) Dungeon (T) Temple (L) Lair (A) Shoals (P) Snake Pit (M) Slime Pits (O) Orcish Mines (E) Elven Halls (V) Vaults (C) Crypt (W) Tomb (U) Depths (H) Hell (I) Dis (G) Gehenna (Z) Zot
Where to? (Enter - Zot:3 @ (x,y), ? - help) Usoleluu comes into view.
Press: ? - help, v - describe, . - travel
Here: Usoleluu (umbra, fire blocked by a translucent rock wall)
The floor.
Unknown command.
Unknown command.
Unknown command.
Casting: Necromutation (dangerous; 47% risk of failure)
Confirm with . or Enter, or press ? or * to list all spells.
Aiming: Passage of Golubria (safe; 1% risk of failure)
Press: ? - help, Dir - move target The Orb disrupts the stability of your passage!
The storm dragon breathes lightning at you.
The bolt of lightning hits you but does no damage.
A soul eater comes into view.
You enter the passage of Golubria.
The storm dragon breathes lightning at you.
The bolt of lightning misses you.
There is a passage of Golubria here.
There is an open door, spattered with blood here.
Usoleluu gestures.
Casting: Passage of Golubria (safe; 1% risk of failure)
Confirm with . or Enter, or press ? or * to list all spells.
You don't know that spell.
You see here +0 gold dragon scales.
Usoleluu gestures at you. The poison arrow misses you.
Usoleluu gestures at you. You block the poison arrow.
You hear a snapping sound.
There is an open door, spattered with blood here.
An Orb Guardian comes into view.
The Orb Guardian moves out of view.
You see here a +11 club of holy wrath.
There is a stone staircase leading up here.
You climb upwards.
There is a stone staircase leading down here.
There is an open door here.
There is a stone staircase leading up, spattered with blood here.
You see here a +0 scimitar.
You climb upwards.
There is a stone staircase leading down here.
There is an open door here.
There is an open door here.
There is an open door here.
There is an open door here.
There is a gate leading back out of this place here.
Okay, then.
Unknown command.
You go up through the gate.
Welcome back to the Depths!
There is a gate to the Realm of Zot here.
An orange demon comes into view.
Things that are here:
a +1 cloak; a +0 long sword Unknown command.
The orange demon moves out of view.
There is an open door, spattered with blood here.
Things that are here:
+0 gold dragon scales; a +0 battleaxe of draining You open the door.
There is an open door here.
There is a stone staircase leading up here.
You climb upwards.
There is a stone staircase leading down here.
There is a stone staircase leading down here.
You see here a +0 troll leather armour.
You see here +0 fire dragon scales.
There is an open door, spattered with blood here.
There is an open door, spattered with blood here.
There is an open door here.
There is an open door here.
There is an open door here.
You see here a +0 robe.
There is an open door here.
You see here a +4 battleaxe of freezing.
You see here a +5 dagger of speed.
Things that are here:
a +0 buckler of protection; a +0 robe
Things that are here:
4 large rocks; a +0 robe You see here a +1 battleaxe of freezing.
Items here: ))) [.
There is an open door here.
There is an open door here.
There is an open door here.
There is an open door here.
There is an open door here.
There is an open door here.
A demonspawn corrupter, a shadow demon and a demonspawn black sun come into view.
The demonspawn black sun is wielding a +1 demon trident of draining and wearing a +2 plate armour of poison resistance.
The demonspawn black sun moves out of view.
You block the shadow demon's attack.
Things that are here:
a +0 robe; a +0 animal skin; a +4 antimagic broad axe You see here a +0 troll leather armour.
The shadow demon attacks as you move away!
You block the shadow demon's attack.
The shadow demon attacks as you move away!
You block the shadow demon's attack.
The demonspawn corrupter mumbles some strange prayers to Lugonu against you.
The entropic weave corrodes you!
The shadow demon attacks as you move away!
You block the shadow demon's attack.
Things that are here:
a +0 dire flail; a +0 dire flail
There is a stone staircase leading up, spattered with blood here.
You block the shadow demon's attack.
The demonspawn corrupter calls forth creatures from the Abyss!
You climb upwards.
There is a stone staircase leading down here.
A shadow demon is nearby!
You shoot a bolt.
The bolt barely misses the shadow demon.
Your shadow shoots a bolt.
The bolt closely misses the shadow demon.
The shadow demon completely misses you.
You shoot a bolt. The bolt hits the shadow demon!!
The bolt burns the shadow demon.
The shadow demon is heavily wounded.
Your shadow shoots a bolt.
The bolt hits the shadow demon.
You block the shadow demon's attack.
You shoot a bolt.
The bolt closely misses the shadow demon.
Your shadow shoots a bolt.
The bolt hits the shadow demon!
The shadow demon barely misses you.
You shoot a bolt. The bolt hits the shadow demon!!!
The bolt burns the shadow demon.
You kill the shadow demon!
Dithmenos accepts your kill.
Your shadow shoots a bolt.
(D) Dungeon (T) Temple (L) Lair (A) Shoals (P) Snake Pit (M) Slime Pits (O) Orcish Mines (E) Elven Halls (V) Vaults (C) Crypt (W) Tomb (U) Depths (H) Hell (I) Dis (G) Gehenna (Z) Zot
Where to? (Enter - Depths:2 @ (x,y), ? - help)
You are no longer corroded.
You see here 3 large rocks.
There is a stone staircase leading up, spattered with blood here.
You climb upwards.
An Ice Fiend comes into view.
There is a stone staircase leading down here.
There is a staircase back to the Dungeon here.
You climb upwards.
Welcome back to the Dungeon!
There is a staircase to the Depths here.
You can't go up here!
You see here a +0 arbalest.
Things that are here:
a +0 robe; a +0 dagger
Things that are here:
a +0 buckler; a +0 buckler
There is an open door here.
There is a stone staircase leading up here.
You climb upwards.
There is a stone staircase leading down here.
There is an open door here.
A sun demon comes into view.
You can't go up here!
The sun demon moves out of view.
There is an open door here.
There is a stone staircase leading up here.
You climb upwards.
There is a stone staircase leading down here.
There is a stone staircase leading up here.
You climb upwards.
There is a stone staircase leading down here.
You climb downwards.
There is a stone staircase leading up here.
You climb upwards.
There is a stone staircase leading down here.
There is an open door here.
There is an open door, spattered with blood here.
There is an open door, spattered with blood here.
There is an open door here.
A rakshasa and an eight-headed hydra come into view.
There is a stone staircase leading up here.
You climb upwards.
There is a stone staircase leading down here.
There is a stone staircase leading up, spattered with blood here.
You climb upwards.
There is a stone staircase leading down here.
You see here 3 boomerangs.
There is a stone staircase leading up here.
You climb upwards.
There is a stone staircase leading down here.
A Butusuih and a chaos spawn come into view.
You can't go up here!
There is an open door here.
Aiming: Dig
Press: ? - help, Shift-Dir - straight line You can't see that place. [the floor.]
The rock shatters into small pieces.
Press: ? - help, v - describe, . - travel
Here: Butusuih (umbra)
The floor.
Fire: a) +9 hand crossbow (flame)
Press: ? - help, Q - select action, (/) - cycle Shift-Dir - straight line, f - Butusuih
Aim: Butusuih (umbra, 71% to hit)
You shoot a bolt. The bolt hits Butusuih.
The bolt burns Butusuih.
Butusuih is lightly wounded.
Butusuih closely misses you.
Fire: a) +9 hand crossbow (flame)
Press: ? - help, Q - select action, (/) - cycle Shift-Dir - straight line, f/p - Butusuih
Aim: Butusuih (lightly wounded, umbra, 71% to hit)
You shoot a bolt. The bolt hits Butusuih!!!
The bolt burns Butusuih!
Butusuih is moderately wounded.
Your shadow shoots a bolt.
The bolt misses Butusuih.
You block Butusuih's attack. Butusuih gestures at you.
You block the crystal spear.
Fire: a) +9 hand crossbow (flame)
Press: ? - help, Q - select action, (/) - cycle Shift-Dir - straight line, f/p - Butusuih
Aim: Butusuih (moderately wounded, umbra, 71% to hit)
You shoot a bolt. The bolt hits Butusuih!!
The bolt burns Butusuih.
Butusuih is heavily wounded.
Butusuih gestures at you. The crystal spear hits you!!!!
You emit a cloud of dark smoke.
You block Butusuih's attack.
You feel much better. You block Butusuih's attack. The chaos spawn misses you.
You feel very mighty all of a sudden. You block Butusuih's attack.
You block the chaos spawn's attack. Butusuih tail-slaps you!
Fire: a) +9 hand crossbow (flame)
Press: ? - help, Q - select action, (/) - cycle Shift-Dir - straight line, f/p - Butusuih
Aim: Butusuih (moderately wounded, umbra, 71% to hit)
Okay, then.
Unknown command.
Okay, then.
Unknown command.
Unknown command.
Unknown command.
Unknown command.
Unknown command.
Unknown command.
Press: ? - help, v - describe, . - travel
Here: Butusuih (moderately wounded, umbra)
The floor.
Unknown command.
Unknown command.
Unknown command.
Unknown command.
Unknown command.
Unknown command.
Okay, then.
Okay, then.
Unknown command.
Okay, then.
Press: ? - help, v - describe, . - travel
Here: Butusuih (moderately wounded, umbra)
The floor.
Aiming: Phantom Mirror
Press: ? - help, Dir - move target, f/p - Butusuih
Aim: Butusuih (moderately wounded, umbra)
You reflect Butusuih with the mirror!
The mirror clouds!
Butusuih tail-slaps you!
Butusuih tail-slaps Butusuih.
You block the chaos spawn's attack.
Your +9 hand crossbow of flaming stops flaming.
The arc blade crackles to life.
H - the +8 arc blade (weapon)
{discharge, rElec} Butusuih gestures.
Butusuih's surroundings become eerily quiet.
Butusuih tail-slaps Butusuih!!
You block the chaos spawn's attack.
You catch the helpless Butusuih completely off-guard!
You spit Butusuih like a pig!!!!
The arc blade crackles.
The air crackles with electrical energy.
As Butusuih dies, the sound returns.
You kill Butusuih!
Dithmenos accepts your kill.
Butusuih closely misses the chaos spawn.
Butusuih gestures at the chaos spawn.
The bolt of energy hits the chaos spawn!
Butusuih gestures at the chaos spawn.
The crystal spear hits the chaos spawn!!!
The chaos spawn dies!
Dithmenos accepts your kill.
The chaos spawn degenerates into a cloud of primal chaos!
There is a stone staircase leading up here.
You climb upwards.
Your summoned ally is left behind.
There is a stone staircase leading down here.
Things that are here:
a +0 scale mail; a boomerang; a +0 flail
Things that are here:
6 stones; a +0 flail
Things that are here:
a +0 leather armour; a +0 morningstar
There is a stone staircase leading up, spattered with blood here.
You climb upwards.
There is a stone staircase leading down here.
The arc blade stops crackling.
Your +9 hand crossbow of flaming bursts into flame!
a - a +9 hand crossbow of flaming (weapon)
Things that are here:
a +0 robe; 2 curare-tipped darts; a +0 long sword
There is a stone staircase leading down here.
There is a stone staircase leading up here.
You climb upwards.
You feel a little less mighty now.
There is a stone staircase leading down here.
HP restored.
A Geox and a neqoxec come into view.
You can't go up here!
The neqoxec gestures at you.
Something tries to feed on your intellect!
There is a stone staircase leading up here.
You climb upwards.
There is a stone staircase leading down here.
There is an open door, spattered with blood here.
Things that are here:
a +1 whip of pain; a +0 halberd
There is a stone staircase leading up, spattered with blood here.
You climb upwards.
Level annotation: Eustachio
There is a stone staircase leading down, spattered with blood here.
You see here a +0 short sword.
Unknown command.
Your +9 hand crossbow of flaming stops flaming.
The arc blade crackles to life.
H - the +8 arc blade (weapon)
{discharge, rElec} Eustachio shouts!
Aiming: Shadow Step
Press: ? - help, Dir - move target, f - Eustachio
Aim: Eustachio, wielding a +0 rapier and wearing a +0 leather armour (umbra)
Okay, then.
Aiming: Shadow Step
Press: ? - help, Dir - move target, f - Eustachio
Aim: Eustachio, wielding a +0 rapier and wearing a +0 leather armour (umbra)
You step into Eustachio's shadow.
Eustachio casts a spell.
You puncture Eustachio!
Eustachio is moderately wounded.
You puncture Eustachio!
Eustachio is severely wounded.
Eustachio mumbles some strange words.
You block the river rat's attack. x2
You hit Eustachio.
Eustachio is almost dead.
Your shadow hits Eustachio with a rapier.
You impale Eustachio!!
The arc blade crackles.
The river rat is struck by an arc of lightning!
You kill the river rat!
The river rat's corpse disappears in a puff of smoke!
You kill Eustachio!
Dithmenos accepts your kill.
The river rat disappears in a puff of smoke!
The bat disappears in a puff of smoke!
The iron imp disappears in a puff of smoke! x2
Things that are here:
a +0 rapier; a +0 leather armour; the human corpse of Eustachio A rust devil comes into view.
A rust devil is nearby!
You block the rust devil's attack.
The rust devil attacks as you move away!
You block the rust devil's attack.
The rust devil attacks as you move away!
You block the rust devil's attack.
The rust devil attacks as you move away!
You block the rust devil's attack.
An Orb Guardian comes into view.
You see here a +0 dagger.
The rust devil attacks as you move away!
You block the rust devil's attack. You block the Orb Guardian's attack.
There is a stone staircase leading up here.
You miss the Orb Guardian. Your bite misses the Orb Guardian.
The Orb Guardian misses you.
You hit the Orb Guardian.
The Orb Guardian is lightly wounded.
You block the rust devil's attack.
You barely miss the Orb Guardian.
The Orb Guardian is lightly wounded.
The Orb Guardian hits you!
You closely miss the Orb Guardian.
The Orb Guardian is lightly wounded.
You block the Orb Guardian's attack. You block the rust devil's attack.
You closely miss the Orb Guardian.
The Orb Guardian is lightly wounded.
You block the Orb Guardian's attack.
You impale the Orb Guardian!!
The Orb Guardian is moderately wounded.
The rust devil hits you. The rust devil corrodes you!
You puncture the Orb Guardian!
The arc blade crackles.
The Orb Guardian is struck by an arc of lightning.
The Orb Guardian is moderately wounded.
You resist.
You are struck by an arc of lightning.
The Orb Guardian is struck by an arc of lightning!
The Orb Guardian is heavily wounded.
The lightning grounds out.
The Orb Guardian is heavily wounded.
You block the Orb Guardian's attack.
You puncture the Orb Guardian!
The Orb Guardian is severely wounded.
The rust devil hits you. You block the Orb Guardian's attack.
You puncture the Orb Guardian! You bite the Orb Guardian.
The Orb Guardian is severely wounded.
Your shadow hits the Orb Guardian but does no damage.
You block the Orb Guardian's attack.
You closely miss the Orb Guardian.
The Orb Guardian is severely wounded.
You block the rust devil's attack.
You impale the Orb Guardian!!
The Orb Guardian is almost dead.
You block the Orb Guardian's attack.
You hit the Orb Guardian.
The arc blade crackles.
Some blue arcs ground themselves harmlessly.
You kill the Orb Guardian!
Dithmenos accepts your kill. You block the rust devil's attack.
You barely miss the rust devil.
Your shadow hits the rust devil with a rapier.
The rust devil barely misses you.
You puncture the rust devil!
The arc blade crackles.
The air crackles with electrical energy.
You bite the rust devil!
The rust devil is moderately wounded.
Your shadow hits the rust devil but does no damage.
You puncture the rust devil!
The rust devil is severely wounded.
You block the rust devil's attack.
You barely miss the rust devil.
The rust devil is severely wounded.
You hit the rust devil.
The arc blade crackles.
Some blue arcs ground themselves harmlessly.
You bite the rust devil.
The rust devil is almost dead.
The rust devil misses you.
You hit the rust devil. You bite the rust devil.
You kill the rust devil!
Dithmenos accepts your kill.
No target in view!
You climb upwards.
Level annotation: exclusion: downstairs
There is a stone staircase leading down here.
You are no longer corroded.
Things that are here:
a +0 leather armour; a +0 hand axe You see here a +0 morningstar.
A neqoxec comes into view.
There is an escape hatch in the ceiling here.
A mysterious force pulls you upwards. The hatch slams shut behind you.
There is a stone staircase leading up here.
You climb upwards.
There is a stone staircase leading down here.
There is a fountain of clear blue water here.
There is an open door here.
A chaos spawn comes into view.
There is a staircase leading out of the dungeon here.
You have escaped!

...# #.##.#.# #.##### ...#
#.##.#.# #...... ...####.##.#.#
#.####. ..(..........#### #.# #.
.###.#######....##### ###.####.
....................# #>....##.
.###.######.#.⌠...⌠.#####.###.##.
.# #.# #.#..#'#........# #.##. ##
#.# #....#@#..#####.###.##. #.#
###..###..# #.....##. #.#
#.⌠...⌠.# ###.####. #.# #.......#
#..# #. #.# #.##.#.## #.## #. #.#
#.....|# #.# ## ##.## ###.4.##
#.# #...# #.#.# ###.# #.#.# #.#.#
##.#.#


You could see a chaos spawn (wandering).

Vanquished Creatures
  the Royal Jelly (Slime:5)
  5 dread liches
  3 orbs of fire (Zot:5)
  3 ancient liches (Zot:5)
  Mara (Vaults:3)
  Sojobo (Depths:1)
  The ghost of Fuonemn the Impregnable, a veteran DDBe of Trog (Elf:2)
  Josephina (Crypt:2)
  8 Killer Klowns
  2 curse toes
  3 caustic shrikes (Depths:4)
  Vashnia (Snake:4)
  Nikola (Depths:1)
  Geryon (Hell)
  15 golden dragons
  4 bone dragons
  Jory (Depths:4)
  A Brimstone Fiend (Zot:5)
  4 electric golems
  Jorgrun (Orc:1)
  2 pandemonium lords
  10 tentacled monstrosities
  8 quicksilver dragons
  25 Orb Guardians
  Murray (Hell)
  8 liches
  2 deep elf master archers (Elf:3)
  5 titans
  A walking frostbound tome (Depths:3)
  3 deep elf blademasters
  8 ancient champions
  28 acid blobs
  5 sphinxes
  A kraken (Shoals:2)
  2 tentacled starspawn (Abyss:3)
  Polyphemus (Shoals:2)
  8 death cobs
  8 shadow dragons
  21 storm dragons
  Kirke (Lair:3)
  10 tengu reavers
  7 draconian monks
  A revenant (Crypt:1)
  Roxanne (D:15)
  19 nagarajas
  15 rockslimes
  16 azure jellies
  A frost giant (shapeshifter) (Vaults:3)
  12 fire giants
  12 frost giants
  6 draconian knights
  5 iron dragons
  An azure jelly (shapeshifter) (Vaults:4)
  17 vault wardens
  7 deep elf sorcerers (Elf:3)
  3 draconian shifters
  5 balrugs
  3 ghost moths (Zot:3)
  4 spectral caustic shrikes (Depths:3)
  Aizul (Elf:2)
  An angel (Zot:4)
  Louise (D:15)
  A cacodemon (Hell)
  25 ironbound preservers
  4 deep elf elementalists (Elf:3)
  A spriggan defender (Depths:3)
  3 draconian stormcallers
  4 draconian annihilators
  An orc warlord (Orc:2)
  6 reapers
  10 quicksilver oozes
  4 caustic shrike skeletons (Crypt:3)
  2 starflowers (Abyss:3)
  37 very ugly things
  10 ironbound thunderhulks
  5 vampire knights
  15 stone giants
  4 war gargoyles
  4 deep elf demonologists
  9 red draconians
  2 black draconians
  11 green draconians
  Nessos (D:15)
  10 deep elf annihilators
  11 dire elephants
  16 white draconians
  Azrael (D:15)
  11 purple draconians
  11 yellow draconians
  3 eidola
  A blizzard demon (Hell)
  8 spark wasps
  9 deep elf death magi
  7 merfolk javelineers
  14 ettins
  5 jiangshi
  A green death (Hell)
  A spectral kraken (Shoals:1)
  6 merfolk impalers
  13 fire dragons
  7 deep elf high priests
  11 ice dragons
  10 great orbs of eyes
  3 peacekeepers (Vaults:2)
  16 yaktaur captains
  5 spriggan air magi
  3 boulder beetles
  33 vault guards
  4 rakshasas (Depths:3)
  9 hydras
  7 salamander tyrants
  3 ogre magi (Vaults:5)
  2 ghost crabs (Shoals:1)
  14 centaur warriors
  5 catoblepae
  2 merfolk avatars
  An alligator snapping turtle (Shoals:4)
  16 ironbound frosthearts
  12 anacondas
  36 dancing weapons
  5 merfolk aquamancers
  9 deep troll shamans
  11 two-headed ogres
  An azure jelly zombie (Crypt:2)
  10 tengu warriors
  13 death yaks
  A satyr (Shoals:3)
  7 spriggan berserkers
  2 anacondas (shapeshifter)
  12 naga warriors
  5 vampire magi
  Urug (Lair:1)
  7 hell hogs
  8 deep troll earth magi
  2 orc high priests
  3 thrashing horrors (Abyss:3)
  5 soul eaters
  19 naga sharpshooters
  12 hell knights
  A shock serpent (shapeshifter) (Elf:2)
  21 deep elf knights
  5 titan skeletons (Crypt:3)
  Nergalle (Lair:1)
  11 shock serpents
  21 sun demons
  4 iron trolls
  5 wretched stars (Abyss:3)
  2 shadow wraiths
  2 golden dragon zombies
  9 sea snakes
  A bunyip zombie (Crypt:1)
  A sixfirhy (Hell)
  A cherub (Zot:4)
  18 skeletal warriors
  8 salamander mystics
  3 flayed ghosts
  A storm dragon skeleton (Depths:1)
  2 shadow demons
  A sea snake (shapeshifter) (D:14)
  3 glowing orange brains
  A tengu zombie (D:15)
  An orb spider (shapeshifter) (Vaults:5)
  15 naga ritualists
  15 harpies
  Pikel (D:7)
  81 deep trolls
  9 wizards
  8 phantasmal warriors
  18 deep elf archers
  19 lindwurms
  A bunyip skeleton (Crypt:3)
  10 necromancers
  23 deep elf pyromancers
  3 orc knights
  A spectral merfolk (Shoals:1)
  2 shadow dragon zombies
  20 ironbound convokers
  2 wolf spiders
  14 mana vipers
  A stone giant zombie (Vaults:3)
  4 orc sorcerers
  27 salamanders
  9 shining eyes
  A mana viper (shapeshifter) (Vaults:5)
  6 fauns (Shoals:3)
  19 deep elf zephyrmancers
  120 slime creatures
  7 cyclopes
  48 ugly things
  18 manticores
  4 oklob plants
  2 stone giant skeletons
  A worldbinder (Abyss:3)
  A rust devil (D:4)
  16 naga magi
  A sphinx skeleton (Depths:1)
  3 guardian serpents
  18 moths of wrath
  3 elf zombies
  6 merfolk sirens
  16 vault sentinels
  51 black mambas
  A guardian serpent (shapeshifter) (Vaults:4)
  A torpor snail (Lair:3)
  10 water nymphs
  Joseph (D:7)
  7 smoke demons
  7 cane toads
  An eye of devastation (Slime:2)
  A grey draconian zombie (Crypt:2)
  A centaur skeleton (Crypt:3)
  Maggie (D:7)
  5 freezing wraiths
  An orange demon (Hell)
  2 rime drakes
  A spectral sea snake (Shoals:1)
  2 dire elephant skeletons (Crypt:3)
  An unseen horror zombie (Crypt:1)
  A bunyip simulacrum (Crypt:2)
  3 unseen horrors
  A kobold demonologist (D:14)
  An ice devil (Hell)
  4 efreet
  A hellion (Hell)
  An alligator snapping turtle skeleton (Crypt:3)
  22 yaktaurs
  7 tengu conjurers
  A hellwing (Zot:5)
  A spectral water nymph (Shoals:1)
  2 ancient zymes (Abyss:3)
  A black draconian skeleton (Crypt:2)
  8 komodo dragons
  A queen bee (shapeshifter) (D:15)
  3 hydra zombies (Hell)
  5 trolls
  A red devil (Hell)
  A death drake zombie (Crypt:1)
  A meliai (shapeshifter) (Elf:1)
  3 meliai (D:10)
  10 wind drakes
  10 blink frogs
  A human skeleton (Vaults:4)
  26 merfolk
  3 polar bears
  5 large abominations
  A satyr zombie (Crypt:3)
  4 harpy skeletons
  5 dream sheep (Shoals:3)
  2 hydra skeletons
  A spriggan zombie (Depths:1)
  An ettin zombie (Depths:1)
  10 snapping turtles
  2 tyrant leeches (Lair:5)
  A stone giant simulacrum (Vaults:4)
  Prince Ribbit (D:7)
  30 water elementals
  An alligator skeleton (Hell)
  5 flying skulls (Crypt:1)
  48 yaks
  A shadow (D:12)
  19 starcursed masses (Abyss:3)
  A spectral wind drake (Shoals:1)
  4 spriggan skeletons
  Sigmund (D:4)
  A ynoxinul (Abyss:3)
  8 air elementals
  A slime creature zombie (Crypt:3)
  2 wraiths (D:9)
  7 wyverns
  A basilisk (shapeshifter) (D:14)
  Eustachio (D:4)
  A wind drake zombie (Crypt:1)
  7 fire elementals
  A black mamba skeleton (Crypt:2)
  3 ettin skeletons (Crypt:3)
  2 golden eyes (Abyss:3)
  6 basilisks
  A human (shapeshifter) (Elf:3)
  8 steam dragons
  3 small abominations
  2 vampire mosquitoes (D:12)
  4 chaos spawn (Abyss:3)
  A harpy simulacrum (Crypt:2)
  A glowing shapeshifter zombie (Crypt:1)
  39 nagas
  2 swamp worms (Lair:5)
  2 wargs (Orc:2)
  12 water moccasins
  A hydra simulacrum (Crypt:2)
  4 acid dragons
  A spectral snapping turtle (Shoals:1)
  3 hell hounds (D:15)
  A deep troll skeleton (Crypt:1)
  Duvessa (D:7)
  33 orc warriors
  A faun skeleton (Crypt:3)
  A sky beast (D:7)
  3 black bears
  2 ice beasts
  An ettin simulacrum (Crypt:2)
  A lindwurm zombie (Crypt:2)
  7 ogres
  18 wolves
  2 boggarts
  10 centaurs
  A manticore zombie (Crypt:1)
  A torpor snail zombie (Crypt:2)
  A lemure (D:7)
  2 spectral cyclopes (Shoals:1)
  2 kobold brigands
  A human zombie (Vaults:3)
  7 bullfrogs
  3 gnoll sergeants
  3 necrophages
  4 earth elementals
  2 scorpions
  An elf skeleton (Crypt:3)
  25 wights
  Dowan (D:7)
  A yak zombie (Crypt:1)
  A swamp dragon simulacrum (Crypt:1)
  2 human simulacra
  15 killer bees
  18 electric eels
  5 howler monkeys
  A jelly (shapeshifter) (Depths:3)
  A jelly (D:8)
  A gnoll bouda (D:4)
  3 hounds
  Crazy Yiuf (D:4)
  29 orc priests
  2 iguanas
  3 iron imps (D:8)
  Ijyb (D:3)
  6 hell rats
  Natasha (thrice) (D:4)
  27 orc wizards
  3 naga skeletons (Crypt:3)
  20 gnolls
  5 adders
  2 shadow imps
  A white imp (D:6)
  An ufetubus (D:5)
  A jelly zombie (Crypt:2)
  A worm (D:2)
  3 dart slugs
  102 orcs
  5 ball pythons
  A bat zombie (Crypt:3)
  3 endoplasms
  8 giant cockroaches
  10 goblins
  10 hobgoblins
  3 jackals (D:1)
  15 kobolds
  9 quokkas
  9 bats
  A frilled lizard (D:2)
  A kobold skeleton (Crypt:1)
  A kobold zombie (Crypt:1)
  An orc skeleton (Crypt:3)
  3 rats (D:1)
  3 fire vortices (Hell)
  4 tentacles
2631 creatures vanquished.

Vanquished Creatures (collateral kills)
  An ironbound preserver (Vaults:2)
  A chaos spawn (D:9)
2 creatures vanquished.

Vanquished Creatures (others)
  A nagaraja (Snake:4)
  An ettin (Depths:1)
  A fire dragon (Depths:1)
  A naga warrior (Snake:4)
  A deep elf knight (Elf:1)
  A deep troll (Depths:2)
  A naga ritualist (Snake:4)
  A wizard (Vaults:1)
  A deep elf zephyrmancer (Elf:2)
  A manticore (Lair:5)
  2 yaks (D:9)
  A human (Lair:3)
  A swamp drake (D:9)
  An orc warrior (Vaults:5)
  An ogre (Vaults:5)
  2 orcs
  6 demonic plants (Abyss:3)
  44 fungi
  149 plants
  6 starspawn tentacles (Abyss:3)
  21 tentacles
  7 withered plants (Shoals:1)
251 creatures vanquished.

Grand Total: 2884 creatures vanquished

Notes
Turn   | Place    | Note
-------+----------+-------------------------------------------
     0 | D:1      | sleeves the Gnoll Hunter began the quest for the Orb.
     0 | D:1      | Reached XP level 1. HP: 20/20 MP: 1/1
   156 | D:1      | Reached XP level 2. HP: 25/26 MP: 2/2
   489 | D:1      | Found a faded altar of an unknown god.
   793 | D:2      | Reached XP level 3. HP: 31/31 MP: 3/3
   967 | D:2      | Reached skill level 1 in Invocations
  1686 | D:3      | Reached skill level 1 in Short Blades
  1686 | D:3      | Reached skill level 1 in Long Blades
  1686 | D:3      | Reached skill level 1 in Axes
  1686 | D:3      | Reached skill level 1 in Maces & Flails
  1686 | D:3      | Reached skill level 1 in Polearms
  1686 | D:3      | Reached skill level 1 in Staves
  1686 | D:3      | Reached skill level 1 in Throwing
  1686 | D:3      | Reached skill level 1 in Armour
  1686 | D:3      | Reached skill level 1 in Shields
  1686 | D:3      | Reached skill level 1 in Unarmed Combat
  1686 | D:3      | Reached skill level 1 in Spellcasting
  1686 | D:3      | Reached skill level 1 in Evocations
  1882 | D:3      | Found an opulent altar of Gozag.
  1898 | D:3      | Reached skill level 1 in Conjurations
  1898 | D:3      | Reached skill level 1 in Hexes
  1898 | D:3      | Reached skill level 1 in Summonings
  1898 | D:3      | Reached skill level 1 in Necromancy
  1898 | D:3      | Reached skill level 1 in Translocations
  1898 | D:3      | Reached skill level 1 in Transmutations
  1898 | D:3      | Reached skill level 1 in Fire Magic
  1898 | D:3      | Reached skill level 1 in Ice Magic
  1898 | D:3      | Reached skill level 1 in Air Magic
  1898 | D:3      | Reached skill level 1 in Earth Magic
  1898 | D:3      | Reached skill level 1 in Poison Magic
  1898 | D:3      | Reached XP level 4. HP: 35/38 MP: 5/5
  1974 | D:3      | Noticed Ijyb
  2002 | D:3      | Killed Ijyb
  2104 | D:3      | Found a bloodstained altar of Trog.
  2125 | D:3      | Reached XP level 5. HP: 43/43 MP: 7/7
  2797 | D:4      | Noticed Sigmund
  2850 | D:4      | Noticed a black bear
  2904 | D:4      | Noticed Eustachio
  2963 | D:5      | Entered Level 5 of the Dungeon
  3178 | D:5      | Found a glowing drain.
  3194 | Sewer    | Entered a sewer
  3227 | Sewer    | Noticed a water moccasin
  3238 | Sewer    | HP: 21/43 [poisoned by a water moccasin]
  3244 | Sewer    | HP: 18/43 [poisoned by a water moccasin]
  3489 | D:5      | Noticed an ogre
  3498 | D:5      | HP: 16/43 [ogre/+0 giant spiked club (27)]
  3736 | D:4      | Found a shimmering blue altar of Sif Muna.
  3756 | D:4      | HP: 21/43 [something (2)]
  3762 | D:4      | Reached skill level 3 in Stealth
  3762 | D:4      | Reached skill level 2 in Invocations
  3762 | D:4      | Reached XP level 6. HP: 19/50 MP: 8/8
  4008 | D:4      | Reached skill level 5 in Fighting
  4008 | D:4      | Reached skill level 2 in Short Blades
  4008 | D:4      | Reached skill level 2 in Long Blades
  4008 | D:4      | Reached skill level 2 in Axes
  4008 | D:4      | Reached skill level 2 in Maces & Flails
  4008 | D:4      | Reached skill level 2 in Polearms
  4008 | D:4      | Reached skill level 2 in Staves
  4008 | D:4      | Reached skill level 2 in Throwing
  4008 | D:4      | Reached skill level 2 in Armour
  4008 | D:4      | Reached skill level 5 in Dodging
  4008 | D:4      | Reached skill level 2 in Shields
  4008 | D:4      | Reached skill level 2 in Unarmed Combat
  4008 | D:4      | Reached skill level 2 in Spellcasting
  4008 | D:4      | Reached skill level 2 in Evocations
  4406 | D:4      | Noticed Natasha
  4410 | D:4      | Killed Natasha
  4510 | D:4      | Noticed Natasha
  4518 | D:4      | Killed Natasha
  4519 | D:4      | Reached XP level 7. HP: 56/56 MP: 10/10
  4861 | D:4      | Noticed Natasha
  4867 | D:4      | Killed Natasha
  4868 | D:4      | Reached skill level 2 in Conjurations
  4868 | D:4      | Reached skill level 2 in Hexes
  4868 | D:4      | Reached skill level 2 in Summonings
  4868 | D:4      | Reached skill level 2 in Necromancy
  4868 | D:4      | Reached skill level 2 in Translocations
  4868 | D:4      | Reached skill level 2 in Transmutations
  4868 | D:4      | Reached skill level 2 in Fire Magic
  4868 | D:4      | Reached skill level 2 in Ice Magic
  4868 | D:4      | Reached skill level 2 in Air Magic
  4868 | D:4      | Reached skill level 2 in Earth Magic
  4868 | D:4      | Reached skill level 2 in Poison Magic
  4971 | D:5      | Reached skill level 9 in Ranged Weapons
  5179 | D:5      | Reached skill level 3 in Invocations
  5334 | D:5      | Found a sparkling altar of Nemelex Xobeh.
  5518 | D:4      | HP: 21/56 [gnoll bouda/+0 whip (9)]
  5910 | D:6      | Reached skill level 3 in Short Blades
  5910 | D:6      | Reached skill level 3 in Long Blades
  5910 | D:6      | Reached skill level 3 in Axes
  5910 | D:6      | Reached skill level 3 in Maces & Flails
  5910 | D:6      | Reached skill level 3 in Polearms
  5910 | D:6      | Reached skill level 3 in Staves
  5910 | D:6      | Reached skill level 3 in Throwing
  5910 | D:6      | Reached skill level 3 in Armour
  5910 | D:6      | Reached skill level 3 in Shields
  5910 | D:6      | Reached skill level 3 in Unarmed Combat
  5910 | D:6      | Reached skill level 3 in Spellcasting
  5910 | D:6      | Reached skill level 3 in Evocations
  5910 | D:6      | Reached XP level 8. HP: 63/63 MP: 12/12
  5955 | D:4      | Reached skill level 4 in Stealth
  6062 | D:4      | Killed Sigmund
  6183 | D:4      | Found a runed translucent door.
  6184 | D:4      | Noticed Crazy Yiuf
  6196 | D:4      | Killed Crazy Yiuf
  6283 | D:6      | HP: 30/64 [ice beast (11)]
  6288 | D:6      | HP: 27/64 [ice beast (4)]
  6615 | D:6      | Reached skill level 3 in Conjurations
  6615 | D:6      | Reached skill level 3 in Hexes
  6615 | D:6      | Reached skill level 3 in Summonings
  6615 | D:6      | Reached skill level 3 in Necromancy
  6615 | D:6      | Reached skill level 3 in Translocations
  6615 | D:6      | Reached skill level 3 in Transmutations
  6615 | D:6      | Reached skill level 3 in Fire Magic
  6615 | D:6      | Reached skill level 3 in Ice Magic
  6615 | D:6      | Reached skill level 3 in Air Magic
  6615 | D:6      | Reached skill level 3 in Earth Magic
  6615 | D:6      | Reached skill level 3 in Poison Magic
  6615 | D:6      | Reached skill level 4 in Invocations
  6728 | D:6      | Reached skill level 6 in Fighting
  6728 | D:6      | Reached skill level 6 in Dodging
  7040 | D:6      | HP: 32/64 [orc priest/divine providence (14)]
  7209 | D:6      | Reached XP level 9. HP: 69/69 MP: 14/14
  7213 | D:6      | Learned a level 3 spell: Mephitic Cloud
  7273 | D:6      | Reached skill level 4 in Short Blades
  7273 | D:6      | Reached skill level 4 in Long Blades
  7273 | D:6      | Reached skill level 4 in Axes
  7273 | D:6      | Reached skill level 4 in Maces & Flails
  7273 | D:6      | Reached skill level 4 in Polearms
  7273 | D:6      | Reached skill level 4 in Staves
  7273 | D:6      | Reached skill level 4 in Throwing
  7273 | D:6      | Reached skill level 4 in Armour
  7273 | D:6      | Reached skill level 4 in Shields
  7273 | D:6      | Reached skill level 4 in Unarmed Combat
  7273 | D:6      | Reached skill level 4 in Spellcasting
  7273 | D:6      | Reached skill level 4 in Evocations
  7695 | D:6      | Found a staircase to the Ecumenical Temple.
  7732 | Temple   | Entered the Ecumenical Temple
  8169 | D:7      | Noticed Maggie
  8199 | D:7      | HP: 29/69 [Maggie/bolt of fire (16)]
  8200 | D:7      | Killed Maggie
  8201 | D:7      | Reached skill level 5 in Stealth
  8611 | D:7      | Noticed Joseph
  8842 | D:7      | Noticed Pikel
  8874 | D:7      | Killed Pikel
  8875 | D:7      | Reached skill level 5 in Invocations
  9034 | D:7      | Reached skill level 4 in Conjurations
  9034 | D:7      | Reached skill level 4 in Hexes
  9034 | D:7      | Reached skill level 4 in Summonings
  9034 | D:7      | Reached skill level 4 in Necromancy
  9034 | D:7      | Reached skill level 4 in Translocations
  9034 | D:7      | Reached skill level 4 in Transmutations
  9034 | D:7      | Reached skill level 4 in Fire Magic
  9034 | D:7      | Reached skill level 4 in Ice Magic
  9034 | D:7      | Reached skill level 4 in Air Magic
  9034 | D:7      | Reached skill level 4 in Earth Magic
  9034 | D:7      | Reached skill level 4 in Poison Magic
  9236 | D:7      | Noticed Prince Ribbit
  9251 | D:7      | Killed Prince Ribbit
  9326 | D:7      | Reached skill level 5 in Short Blades
  9326 | D:7      | Reached skill level 5 in Long Blades
  9326 | D:7      | Reached skill level 5 in Axes
  9326 | D:7      | Reached skill level 5 in Maces & Flails
  9326 | D:7      | Reached skill level 5 in Polearms
  9326 | D:7      | Reached skill level 5 in Staves
  9326 | D:7      | Reached skill level 5 in Throwing
  9326 | D:7      | Reached skill level 5 in Armour
  9326 | D:7      | Reached skill level 5 in Shields
  9326 | D:7      | Reached skill level 5 in Unarmed Combat
  9326 | D:7      | Reached skill level 5 in Spellcasting
  9326 | D:7      | Reached skill level 5 in Evocations
  9326 | D:7      | Reached XP level 10. HP: 73/77 MP: 13/17
  9339 | D:7      | Learned a level 2 spell: Blink
  9385 | D:7      | Reached skill level 10 in Ranged Weapons
  9386 | D:7      | HP: 38/77 [killer bee (4)]
  9391 | D:7      | HP: 30/77 [poisoned by a killer bee]
  9392 | D:7      | Killed Joseph
  9393 | D:7      | Reached skill level 7 in Fighting
  9393 | D:7      | Reached skill level 7 in Dodging
  9396 | D:7      | HP: 23/79 [poisoned by a killer bee]
  9401 | D:7      | HP: 19/79 [poisoned by a killer bee]
  9756 | D:7      | Noticed Dowan
  9759 | D:7      | Noticed Duvessa
  9770 | D:7      | Killed Dowan
  9803 | D:7      | Killed Duvessa
 10199 | D:7      | Found Moss's Armour Boutique.
 10200 | D:7      | Found Moimetoe's Assorted Antiques.
 10201 | D:7      | Found Wozinest's Jewellery Emporium.
 10741 | D:7      | Reached skill level 6 in Stealth
 10776 | D:8      | Reached skill level 6 in Invocations
 11591 | D:8      | HP: 22/79 [steam dragon/ball of steam (20)]
 11878 | D:8      | Found a shadowy altar of Dithmenos.
 12059 | D:8      | Became a worshipper of Dithmenos the Shadowed
 12121 | D:8      | Found a burning altar of Makhleb.
 12251 | D:9      | Found a staircase to the Lair.
 12347 | D:9      | HP: 35/79 [orc priest/divine providence (10)]
 12354 | D:9      | HP: 30/79 [orc priest/+0 hand axe (1)]
 12748 | D:9      | Reached skill level 6 in Short Blades
 12748 | D:9      | Reached skill level 6 in Long Blades
 12748 | D:9      | Reached skill level 6 in Axes
 12748 | D:9      | Reached skill level 6 in Maces & Flails
 12748 | D:9      | Reached skill level 6 in Polearms
 12748 | D:9      | Reached skill level 6 in Staves
 12748 | D:9      | Reached skill level 6 in Throwing
 12748 | D:9      | Reached skill level 6 in Armour
 12748 | D:9      | Reached skill level 6 in Shields
 12748 | D:9      | Reached skill level 6 in Unarmed Combat
 12748 | D:9      | Reached skill level 6 in Spellcasting
 12748 | D:9      | Reached skill level 6 in Evocations
 12762 | D:9      | Reached skill level 5 in Conjurations
 12762 | D:9      | Reached skill level 5 in Hexes
 12762 | D:9      | Reached skill level 5 in Summonings
 12762 | D:9      | Reached skill level 5 in Necromancy
 12762 | D:9      | Reached skill level 5 in Translocations
 12762 | D:9      | Reached skill level 5 in Transmutations
 12762 | D:9      | Reached skill level 5 in Fire Magic
 12762 | D:9      | Reached skill level 5 in Ice Magic
 12762 | D:9      | Reached skill level 5 in Air Magic
 12762 | D:9      | Reached skill level 5 in Earth Magic
 12762 | D:9      | Reached skill level 5 in Poison Magic
 12762 | D:9      | Reached XP level 11. HP: 60/85 MP: 17/20
 12889 | D:9      | Reached * piety under Dithmenos
 12919 | D:9      | Found a staircase to the Orcish Mines.
 13079 | D:9      | Found a stormy altar of Qazlal.
 13434 | D:9      | Noticed a two-headed ogre
 13475 | D:9      | HP: 43/86 [two-headed ogre/+0 giant club (29)]
 13976 | D:9      | Reached skill level 7 in Invocations
 14199 | D:10     | Entered Level 10 of the Dungeon
 14250 | D:10     | HP: 42/86 [poisoned by a meliai]
 14255 | D:9      | HP: 21/86 [poisoned by a meliai]
 14551 | Lair:1   | Entered Level 1 of the Lair of Beasts
 14576 | Lair:1   | Reached skill level 8 in Fighting
 14576 | Lair:1   | Reached skill level 8 in Dodging
 14785 | D:10     | Found a hide-covered altar of Uskayaw.
 14984 | D:10     | Reached skill level 7 in Stealth
 14999 | D:10     | Reached ** piety under Dithmenos
 15170 | D:11     | Noticed a manticore
 15177 | D:11     | Noticed a vault guard
 15196 | D:11     | Noticed a five-headed hydra
 15370 | D:11     | HP: 34/86 [manticore/volley of spikes (15)]
 15384 | D:11     | HP: 25/86 [barbs]
 16063 | Lair:1   | Noticed Nergalle
 16071 | Lair:1   | Noticed a spectral orc warlord
 16088 | Lair:1   | HP: 34/83 [Nergalle/bolt of negative energy (15)]
 16089 | Lair:1   | Killed Nergalle
 16308 | Lair:1   | Learned a level 3 spell: Ignite Poison
 16395 | Lair:1   | Noticed Urug
 16408 | Lair:1   | Killed Urug
 16409 | Lair:1   | Reached skill level 11 in Ranged Weapons
 16872 | Lair:1   | Reached skill level 7 in Short Blades
 16872 | Lair:1   | Reached skill level 7 in Long Blades
 16872 | Lair:1   | Reached skill level 7 in Axes
 16872 | Lair:1   | Reached skill level 7 in Maces & Flails
 16872 | Lair:1   | Reached skill level 7 in Polearms
 16872 | Lair:1   | Reached skill level 7 in Staves
 16872 | Lair:1   | Reached skill level 7 in Throwing
 16872 | Lair:1   | Reached skill level 7 in Armour
 16872 | Lair:1   | Reached skill level 7 in Shields
 16872 | Lair:1   | Reached skill level 7 in Unarmed Combat
 16872 | Lair:1   | Reached skill level 7 in Spellcasting
 16872 | Lair:1   | Reached skill level 7 in Evocations
 17086 | Lair:1   | Identified a scroll of acquirement
 17087 | Lair:1   | Acquired the ring of the Vanishing Violins {Ice rPois
                  | Will+}
 17154 | Lair:1   | HP: 39/87 [komodo dragon (7)]
 17161 | Lair:1   | Reached XP level 12. HP: 34/94 MP: 20/22
 17479 | Lair:1   | Noticed a five-headed hydra
 17480 | Lair:1   | Noticed a seven-headed hydra
 17636 | Lair:1   | Killed a one-headed hydra
 17637 | Lair:1   | Reached skill level 6 in Conjurations
 17637 | Lair:1   | Reached skill level 6 in Hexes
 17637 | Lair:1   | Reached skill level 6 in Summonings
 17637 | Lair:1   | Reached skill level 6 in Necromancy
 17637 | Lair:1   | Reached skill level 6 in Translocations
 17637 | Lair:1   | Reached skill level 6 in Transmutations
 17637 | Lair:1   | Reached skill level 6 in Fire Magic
 17637 | Lair:1   | Reached skill level 6 in Ice Magic
 17637 | Lair:1   | Reached skill level 6 in Air Magic
 17637 | Lair:1   | Reached skill level 6 in Earth Magic
 17637 | Lair:1   | Reached skill level 6 in Poison Magic
 17641 | Lair:1   | HP: 37/94 [three-headed hydra (11)]
 17647 | Lair:1   | Killed a one-headed hydra
 17648 | Lair:1   | Reached skill level 8 in Invocations
 18169 | Lair:2   | Noticed a five-headed hydra
 18180 | Lair:2   | Killed a five-headed hydra
 18183 | Lair:2   | Noticed an eight-headed hydra
 18544 | Lair:2   | Identified the +4 scimitar "Qinoway" {speed, rPois rCorr}
 18663 | Lair:2   | Reached skill level 8 in Stealth
 18675 | Lair:2   | Reached skill level 9 in Fighting
 18675 | Lair:2   | Reached skill level 9 in Dodging
 18712 | Lair:2   | Reached *** piety under Dithmenos
 18798 | Lair:2   | Found a staircase to the Snake Pit.
 19033 | Lair:2   | HP: 45/95 [two-headed hydra (6)]
 19034 | Lair:2   | HP: 22/95 [one-headed hydra (10)]
 19038 | Lair:2   | Killed a one-headed hydra
 19700 | Lair:3   | Noticed a catoblepas
 19703 | Lair:3   | Reached skill level 8 in Short Blades
 19703 | Lair:3   | Reached skill level 8 in Long Blades
 19703 | Lair:3   | Reached skill level 8 in Axes
 19703 | Lair:3   | Reached skill level 8 in Maces & Flails
 19703 | Lair:3   | Reached skill level 8 in Polearms
 19703 | Lair:3   | Reached skill level 8 in Staves
 19703 | Lair:3   | Reached skill level 8 in Throwing
 19703 | Lair:3   | Reached skill level 8 in Armour
 19703 | Lair:3   | Reached skill level 8 in Shields
 19703 | Lair:3   | Reached skill level 8 in Unarmed Combat
 19703 | Lair:3   | Reached skill level 8 in Spellcasting
 19703 | Lair:3   | Reached skill level 8 in Evocations
 19741 | Lair:3   | Killed a catoblepas
 19998 | Lair:3   | Reached XP level 13. HP: 101/101 MP: 25/25
 20470 | Lair:3   | Reached skill level 9 in Invocations
 20571 | Lair:3   | Noticed Kirke
 20580 | Lair:3   | Reached **** piety under Dithmenos
 20677 | Lair:3   | Killed Kirke
 20678 | Lair:3   | Reached skill level 7 in Conjurations
 20678 | Lair:3   | Reached skill level 7 in Hexes
 20678 | Lair:3   | Reached skill level 7 in Summonings
 20678 | Lair:3   | Reached skill level 7 in Necromancy
 20678 | Lair:3   | Reached skill level 7 in Translocations
 20678 | Lair:3   | Reached skill level 7 in Transmutations
 20678 | Lair:3   | Reached skill level 7 in Fire Magic
 20678 | Lair:3   | Reached skill level 7 in Ice Magic
 20678 | Lair:3   | Reached skill level 7 in Air Magic
 20678 | Lair:3   | Reached skill level 7 in Earth Magic
 20678 | Lair:3   | Reached skill level 7 in Poison Magic
 21106 | Lair:3   | Found a staircase to the Shoals.
 21278 | Lair:3   | Reached skill level 12 in Ranged Weapons
 21486 | Lair:4   | Reached skill level 9 in Stealth
 21548 | Lair:4   | Noticed LustLizard's ghost (journeyman TrFi)
 21565 | Lair:4   | Found a transporter.
 21643 | Lair:4   | Learned a level 4 spell: Petrify
 21681 | Lair:4   | Found a transporter.
 21724 | Lair:4   | Identified the +4 sling of Jataot {vorpal, rCorr Str+2}
 21773 | Lair:4   | Found a staircase to the Slime Pits.
 21774 | Lair:4   | Found a viscous altar of Jiyva.
 22034 | Lair:5   | Entered Level 5 of the Lair of Beasts
 22114 | Lair:5   | Found a dark tunnel.
 22215 | Volcano  | Entered a volcano
 22274 | Volcano  | Reached skill level 10 in Fighting
 22274 | Volcano  | Reached skill level 10 in Dodging
 22553 | Volcano  | Noticed a fire dragon
 22553 | Volcano  | Found the +2 cloak of the Thief {*Fog Slay-2 SInv Stlth+}
 22563 | Volcano  | Killed a fire dragon
 22942 | Lair:5   | Reached skill level 9 in Short Blades
 22942 | Lair:5   | Reached skill level 9 in Long Blades
 22942 | Lair:5   | Reached skill level 9 in Axes
 22942 | Lair:5   | Reached skill level 9 in Maces & Flails
 22942 | Lair:5   | Reached skill level 9 in Polearms
 22942 | Lair:5   | Reached skill level 9 in Staves
 22942 | Lair:5   | Reached skill level 9 in Throwing
 22942 | Lair:5   | Reached skill level 9 in Armour
 22942 | Lair:5   | Reached skill level 9 in Shields
 22942 | Lair:5   | Reached skill level 9 in Unarmed Combat
 22942 | Lair:5   | Reached skill level 9 in Spellcasting
 22942 | Lair:5   | Reached skill level 9 in Evocations
 23485 | Lair:5   | Reached XP level 14. HP: 110/110 MP: 27/27
 23512 | Lair:5   | Reached skill level 10 in Invocations
 23768 | Lair:5   | Identified the +11 war axe of the Trees {vorpal, +Blink
                  | rElec Will+ Str-5 Dex+3}
 23770 | Lair:5   | Identified the ring "Wipoir" {Contam rCorr Int+6 Dex+7}
 24716 | Lair:5   | Reached skill level 8 in Conjurations
 24716 | Lair:5   | Reached skill level 8 in Hexes
 24716 | Lair:5   | Reached skill level 8 in Summonings
 24716 | Lair:5   | Reached skill level 8 in Necromancy
 24716 | Lair:5   | Reached skill level 8 in Translocations
 24716 | Lair:5   | Reached skill level 8 in Transmutations
 24716 | Lair:5   | Reached skill level 8 in Fire Magic
 24716 | Lair:5   | Reached skill level 8 in Ice Magic
 24716 | Lair:5   | Reached skill level 8 in Air Magic
 24716 | Lair:5   | Reached skill level 8 in Earth Magic
 24716 | Lair:5   | Reached skill level 8 in Poison Magic
 25046 | Orc:1    | Entered Level 1 of the Orcish Mines
 25062 | Orc:1    | Reached ***** piety under Dithmenos
 25299 | Orc:2    | Entered Level 2 of the Orcish Mines
 25601 | Orc:2    | Found a staircase to the Elven Halls.
 25639 | Orc:2    | Reached skill level 10 in Stealth
 25763 | Orc:1    | Noticed Jorgrun
 25772 | Orc:1    | HP: 54/111 [constriction (10)]
 26077 | Orc:1    | Killed Jorgrun
 26149 | Orc:1    | Found Zaeviucs's Distillery.
 26479 | Orc:2    | Found Xyexke's Assorted Antiques.
 26905 | Orc:2    | Found Gouzubei's Distillery.
 26957 | Orc:2    | Noticed an orc warlord
 26978 | Orc:2    | Killed an orc warlord
 27006 | Orc:2    | HP: 54/109 [poisoned by an orc warrior]
 27011 | Orc:2    | HP: 48/109 [poisoned by an orc warrior]
 27018 | Orc:2    | HP: 25/109 [orc wizard/magic dart (7)]
 27729 | Orc:2    | Found Vyorusa's Antique Armour Emporium.
 27732 | Orc:2    | Found Kaaq's Antique Weapon Shoppe.
 27952 | Orc:2    | Bought an encrusted chain mail for 351 gold pieces
 27952 | Orc:2    | Identified the +1 chain mail of Mumblety Peg {Contam Str+6}
                  | (You bought it in a shop on level 2 of the Orcish Mines)
 28129 | D:11     | Reached skill level 11 in Fighting
 28129 | D:11     | Reached skill level 10 in Short Blades
 28129 | D:11     | Reached skill level 10 in Long Blades
 28129 | D:11     | Reached skill level 10 in Axes
 28129 | D:11     | Reached skill level 10 in Maces & Flails
 28129 | D:11     | Reached skill level 10 in Polearms
 28129 | D:11     | Reached skill level 10 in Staves
 28129 | D:11     | Reached skill level 10 in Throwing
 28129 | D:11     | Reached skill level 10 in Armour
 28129 | D:11     | Reached skill level 11 in Dodging
 28129 | D:11     | Reached skill level 10 in Shields
 28129 | D:11     | Reached skill level 10 in Unarmed Combat
 28129 | D:11     | Reached skill level 10 in Spellcasting
 28129 | D:11     | Reached skill level 10 in Evocations
 28640 | D:11     | Reached skill level 13 in Ranged Weapons
 28813 | D:11     | Found a portal to a secret trove of treasure.
 28945 | D:11     | Reached XP level 15. HP: 118/118 MP: 29/29
 29313 | D:12     | Reached skill level 11 in Invocations
 30951 | D:14     | Found a runed translucent door.
 31398 | D:14     | Found a gate to the Vaults.
 31867 | D:14     | Reached ****** piety under Dithmenos
 32026 | D:15     | Entered Level 15 of the Dungeon
 32340 | D:15     | Reached skill level 9 in Conjurations
 32340 | D:15     | Reached skill level 9 in Hexes
 32340 | D:15     | Reached skill level 9 in Summonings
 32340 | D:15     | Reached skill level 9 in Necromancy
 32340 | D:15     | Reached skill level 9 in Translocations
 32340 | D:15     | Reached skill level 9 in Transmutations
 32340 | D:15     | Reached skill level 9 in Fire Magic
 32340 | D:15     | Reached skill level 9 in Ice Magic
 32340 | D:15     | Reached skill level 9 in Air Magic
 32340 | D:15     | Reached skill level 9 in Earth Magic
 32340 | D:15     | Reached skill level 9 in Poison Magic
 32382 | D:15     | Reached skill level 11 in Stealth
 32514 | D:15     | Noticed Louise
 32556 | D:15     | Noticed Nessos
 32559 | D:15     | Killed Nessos
 32773 | D:15     | Noticed Azrael
 32781 | D:15     | Killed Azrael
 32996 | D:15     | Identified Roxanne's Folio of Changing
 32996 | D:15     | Noticed Roxanne
 33383 | Snake:1  | Entered Level 1 of the Snake Pit
 33564 | Snake:1  | Reached XP level 16. HP: 110/127 MP: 30/30
 33820 | Snake:1  | Reached skill level 11 in Short Blades
 33820 | Snake:1  | Reached skill level 11 in Long Blades
 33820 | Snake:1  | Reached skill level 11 in Axes
 33820 | Snake:1  | Reached skill level 11 in Maces & Flails
 33820 | Snake:1  | Reached skill level 11 in Polearms
 33820 | Snake:1  | Reached skill level 11 in Staves
 33820 | Snake:1  | Reached skill level 11 in Throwing
 33820 | Snake:1  | Reached skill level 11 in Armour
 33820 | Snake:1  | Reached skill level 11 in Shields
 33820 | Snake:1  | Reached skill level 11 in Unarmed Combat
 33820 | Snake:1  | Reached skill level 11 in Spellcasting
 33820 | Snake:1  | Reached skill level 11 in Evocations
 34330 | Snake:1  | Reached skill level 12 in Invocations
 34471 | Snake:1  | Reached skill level 12 in Fighting
 34471 | Snake:1  | Reached skill level 12 in Dodging
 34518 | Snake:1  | HP: 61/127 [naga ritualist/Olgreb's Toxic Radiance (4)]
 34523 | Snake:1  | HP: 40/127 [poisoned by a naga ritualist (splash of
                  | poison)]
 34528 | Snake:1  | HP: 35/127 [poisoned by a naga ritualist (splash of
                  | poison)]
 34876 | Snake:1  | Identified the +1 falchion "Nucont" {flame, rF+}
 34899 | Snake:1  | HP: 55/127 [black mamba[a naga ritualist] (10)]
 35804 | Snake:2  | Noticed a nagaraja
 35959 | Snake:2  | Killed a nagaraja
 35960 | Snake:2  | Reached skill level 14 in Ranged Weapons
 36273 | Snake:2  | HP: 62/128 [salamander tyrant (6)]
 36280 | Snake:2  | HP: 36/128 [salamander tyrant (15)]
 37102 | Snake:2  | Found Typsys's Distillery.
 37110 | Snake:2  | Bought a potion of haste for 140 gold pieces
 37209 | Snake:2  | Found Ziwkuto's Jewellery Shop.
 37209 | Snake:2  | Found Xuemafao's Book Emporium.
 37210 | Snake:2  | Found Daxolep's Book Emporium.
 37226 | Snake:2  | Learned a level 5 spell: Alistair's Intoxication
 37232 | Snake:2  | Learned a level 5 spell: Freezing Cloud
 38095 | Snake:3  | Reached XP level 17. HP: 133/135 MP: 32/32
 38105 | Snake:3  | Found Fudet's General Store.
 38114 | Snake:3  | Learned a level 4 spell: Passage of Golubria
 38138 | Snake:3  | Reached skill level 12 in Stealth
 38255 | Snake:3  | HP: 59/135 [something (17)]
 38606 | Snake:3  | Reached skill level 10 in Conjurations
 38606 | Snake:3  | Reached skill level 10 in Hexes
 38606 | Snake:3  | Reached skill level 10 in Summonings
 38606 | Snake:3  | Reached skill level 10 in Necromancy
 38606 | Snake:3  | Reached skill level 10 in Translocations
 38606 | Snake:3  | Reached skill level 10 in Transmutations
 38606 | Snake:3  | Reached skill level 10 in Fire Magic
 38606 | Snake:3  | Reached skill level 10 in Ice Magic
 38606 | Snake:3  | Reached skill level 10 in Air Magic
 38606 | Snake:3  | Reached skill level 10 in Earth Magic
 38606 | Snake:3  | Reached skill level 10 in Poison Magic
 38653 | Snake:3  | Found Wiyhel's Weapon Emporium.
 38697 | Snake:3  | Found Jeapsu's Distillery.
 38847 | Snake:3  | Found Ishriuska's Book Shop.
 39034 | Snake:4  | Entered Level 4 of the Snake Pit
 39116 | Snake:4  | Reached skill level 13 in Invocations
 39122 | Snake:4  | Reached skill level 12 in Short Blades
 39122 | Snake:4  | Reached skill level 12 in Long Blades
 39122 | Snake:4  | Reached skill level 12 in Axes
 39122 | Snake:4  | Reached skill level 12 in Maces & Flails
 39122 | Snake:4  | Reached skill level 12 in Polearms
 39122 | Snake:4  | Reached skill level 12 in Staves
 39122 | Snake:4  | Reached skill level 12 in Throwing
 39122 | Snake:4  | Reached skill level 12 in Armour
 39122 | Snake:4  | Reached skill level 12 in Shields
 39122 | Snake:4  | Reached skill level 12 in Unarmed Combat
 39122 | Snake:4  | Reached skill level 12 in Spellcasting
 39122 | Snake:4  | Reached skill level 12 in Evocations
 39695 | Snake:4  | Found Efiam's Weapon Boutique.
 39706 | Snake:4  | Reached skill level 13 in Fighting
 39706 | Snake:4  | Reached skill level 13 in Dodging
 39706 | Snake:4  | Reached XP level 18. HP: 136/143 MP: 34/34
 39942 | Snake:4  | Found Otaskeixt's Assorted Antiques.
 40183 | Snake:4  | Found Gyhugoh's Book Shoppe.
 40242 | Snake:4  | Noticed Vashnia
 40245 | Snake:4  | HP: 46/143 [Vashnia/bolt (28)]
 40627 | Snake:4  | HP: 64/143 [naga sharpshooter/arrow[Vashnia] (8)]
 40631 | Snake:4  | Killed Vashnia
 40632 | Snake:4  | HP: 41/143 [cloud of freezing vapour (1)]
 41037 | Snake:4  | Reached skill level 15 in Ranged Weapons
 41158 | Snake:4  | Reached XP level 19. HP: 111/150 MP: 25/35
 41428 | Snake:4  | Reached skill level 13 in Stealth
 41907 | Snake:4  | Reached skill level 14 in Invocations
 42158 | Snake:4  | Reached skill level 11 in Conjurations
 42158 | Snake:4  | Reached skill level 11 in Hexes
 42158 | Snake:4  | Reached skill level 11 in Summonings
 42158 | Snake:4  | Reached skill level 11 in Necromancy
 42158 | Snake:4  | Reached skill level 11 in Translocations
 42158 | Snake:4  | Reached skill level 11 in Transmutations
 42158 | Snake:4  | Reached skill level 11 in Fire Magic
 42158 | Snake:4  | Reached skill level 11 in Ice Magic
 42158 | Snake:4  | Reached skill level 11 in Air Magic
 42158 | Snake:4  | Reached skill level 11 in Earth Magic
 42158 | Snake:4  | Reached skill level 11 in Poison Magic
 42205 | Snake:4  | Got a serpentine rune of Zot
 42449 | Shoals:1 | Entered Level 1 of the Shoals
 42541 | Shoals:1 | Reached skill level 13 in Short Blades
 42541 | Shoals:1 | Reached skill level 13 in Long Blades
 42541 | Shoals:1 | Reached skill level 13 in Axes
 42541 | Shoals:1 | Reached skill level 13 in Maces & Flails
 42541 | Shoals:1 | Reached skill level 13 in Polearms
 42541 | Shoals:1 | Reached skill level 13 in Staves
 42541 | Shoals:1 | Reached skill level 13 in Throwing
 42541 | Shoals:1 | Reached skill level 13 in Armour
 42541 | Shoals:1 | Reached skill level 13 in Shields
 42541 | Shoals:1 | Reached skill level 13 in Unarmed Combat
 42541 | Shoals:1 | Reached skill level 13 in Spellcasting
 42541 | Shoals:1 | Reached skill level 13 in Evocations
 43521 | Shoals:2 | Identified the ring of Amota {Will- MP+9 Dex+5 Stlth+}
 43902 | Shoals:2 | Found Omeepeis's CLEARANCE SALE!.
 43905 | Shoals:2 | You fall into a shaft and drop 1 floor!
 44092 | Shoals:3 | Identified the +6 falchion of Deevvuep {protect, *Corrode
                  | rF+ rN+ Dex+3 Stlth+}
 44498 | Shoals:2 | Noticed Polyphemus
 44511 | Shoals:2 | Killed Polyphemus
 44512 | Shoals:2 | Reached skill level 14 in Fighting
 44512 | Shoals:2 | Reached skill level 14 in Dodging
 44737 | Shoals:2 | Bought 2 throwing nets for 24 gold pieces
 45411 | Shoals:4 | Entered Level 4 of the Shoals
 45793 | Shoals:4 | Identified the +1 helmet of Pan-Flutes {rN+ Str-3 Int+4}
 45818 | Shoals:4 | Reached XP level 20. HP: 159/159 MP: 37/37
 45910 | Shoals:4 | HP: 77/159 [drowned by a water elemental (6)]
 45915 | Shoals:4 | HP: 66/159 [titan (4)]
 46441 | Shoals:4 | HP: 67/159 [titan/bolt of lightning (18)]
 46733 | Shoals:4 | Got a barnacled rune of Zot
 47357 | Shoals:4 | Paralysed by an air elemental for 1 turns
 47374 | Shoals:4 | HP: 77/160 [merfolk javelineer/silver javelin (4)]
 47932 | Vaults:1 | Entered Level 1 of the Vaults
 48282 | Vaults:1 | Reached skill level 14 in Short Blades
 48347 | Vaults:1 | Reached skill level 14 in Stealth
 48427 | Vaults:1 | Reached skill level 15 in Invocations
 48629 | Vaults:1 | Reached skill level 16 in Ranged Weapons
 48759 | Vaults:1 | Found Carowk's General Store.
 49122 | Vaults:1 | Found a radiant altar of Vehumet.
 49152 | Vaults:1 | Identified the +0 hat of Duck's Teeth {-Tele rF+++ Str+8
                  | Int-2}
 49175 | Vaults:1 | Identified the +1 robe of the Zebra {Contam Harm Dex+3
                  | Stlth+}
 49283 | Vaults:1 | Reached skill level 14 in Long Blades
 49283 | Vaults:1 | Reached skill level 14 in Axes
 49283 | Vaults:1 | Reached skill level 14 in Maces & Flails
 49283 | Vaults:1 | Reached skill level 14 in Polearms
 49283 | Vaults:1 | Reached skill level 14 in Staves
 49283 | Vaults:1 | Reached skill level 14 in Throwing
 49283 | Vaults:1 | Reached skill level 14 in Armour
 49283 | Vaults:1 | Reached skill level 14 in Shields
 49283 | Vaults:1 | Reached skill level 14 in Unarmed Combat
 49283 | Vaults:1 | Reached skill level 14 in Spellcasting
 49283 | Vaults:1 | Reached skill level 14 in Evocations
 49770 | Vaults:1 | Identified the +5 mace "Haul" {protect, rPois}
 50034 | Vaults:2 | Reached skill level 12 in Conjurations
 50034 | Vaults:2 | Reached skill level 12 in Hexes
 50034 | Vaults:2 | Reached skill level 12 in Summonings
 50034 | Vaults:2 | Reached skill level 12 in Necromancy
 50034 | Vaults:2 | Reached skill level 12 in Translocations
 50034 | Vaults:2 | Reached skill level 12 in Transmutations
 50034 | Vaults:2 | Reached skill level 12 in Fire Magic
 50034 | Vaults:2 | Reached skill level 12 in Ice Magic
 50034 | Vaults:2 | Reached skill level 12 in Air Magic
 50034 | Vaults:2 | Reached skill level 12 in Earth Magic
 50034 | Vaults:2 | Reached skill level 12 in Poison Magic
 50664 | Vaults:2 | Reached XP level 21. HP: 167/167 MP: 32/39
 50840 | Vaults:2 | Reached skill level 15 in Short Blades
 50866 | Vaults:2 | Got the Enchiridion on Blistering Frostbite
 50990 | Vaults:2 | Reached skill level 15 in Fighting
 50990 | Vaults:2 | Reached skill level 15 in Dodging
 51291 | Vaults:2 | Identified the +8 arbalest "Ozoqish" {vorpal, Fragile rCorr
                  | Int-4 Stlth+}
 51761 | Vaults:2 | Found Pebor's Armour Shop.
 51916 | Vaults:2 | Found the +3 pair of mountain boots {steadfast, rC+}
 52417 | Vaults:3 | Noticed a bone dragon
 52602 | Vaults:3 | Noticed Mara
 52633 | Vaults:3 | Noticed sleeves's illusion
 52651 | Vaults:3 | HP: 82/168 [Mara (illusionary)/bolt of fire (40)]
 52960 | Vaults:3 | Noticed sleeves's illusion
 53005 | Vaults:3 | Killed Mara
 53583 | Vaults:3 | Reached skill level 16 in Invocations
 53635 | Vaults:3 | Reached skill level 15 in Stealth
 53647 | Vaults:3 | HP: 79/169 [vault warden/+0 great mace (31)]
 53667 | Vaults:3 | Reached skill level 16 in Short Blades
 53971 | Vaults:3 | Reached XP level 22. HP: 176/176 MP: 33/40
 54533 | Vaults:3 | Reached skill level 15 in Long Blades
 54533 | Vaults:3 | Reached skill level 15 in Axes
 54533 | Vaults:3 | Reached skill level 15 in Maces & Flails
 54533 | Vaults:3 | Reached skill level 15 in Polearms
 54533 | Vaults:3 | Reached skill level 15 in Staves
 54533 | Vaults:3 | Reached skill level 15 in Throwing
 54533 | Vaults:3 | Reached skill level 15 in Armour
 54533 | Vaults:3 | Reached skill level 15 in Shields
 54533 | Vaults:3 | Reached skill level 15 in Unarmed Combat
 54533 | Vaults:3 | Reached skill level 15 in Spellcasting
 54533 | Vaults:3 | Reached skill level 15 in Evocations
 54640 | Vaults:3 | HP: 71/176 [bone dragon (26)]
 54650 | Vaults:3 | HP: 47/176 [yaktaur captain/bolt (17)]
 54654 | Vaults:3 | Reached skill level 17 in Ranged Weapons
 55084 | Vaults:3 | Found a staircase to the Crypt.
 55707 | Vaults:4 | Found a flickering gateway to a bazaar.
 55721 | Bazaar   | Entered a bazaar
 55723 | Bazaar   | Found Cobece's Weapon Boutique.
 55723 | Bazaar   | Found Hasav's Weapon Boutique.
 55752 | Bazaar   | Found Syfyosaa's Jewellery Shop.
 55801 | Bazaar   | Found Bosh's Jewellery Boutique.
 55809 | Bazaar   | Bought the amulet "Ynin Gas" {Reflect Drain rPois Will+
                  | Int+3 SH+5} for 712 gold pieces
 56112 | Vaults:4 | Reached skill level 13 in Conjurations
 56112 | Vaults:4 | Reached skill level 13 in Hexes
 56112 | Vaults:4 | Reached skill level 13 in Summonings
 56112 | Vaults:4 | Reached skill level 13 in Necromancy
 56112 | Vaults:4 | Reached skill level 13 in Translocations
 56112 | Vaults:4 | Reached skill level 13 in Transmutations
 56112 | Vaults:4 | Reached skill level 13 in Fire Magic
 56112 | Vaults:4 | Reached skill level 13 in Ice Magic
 56112 | Vaults:4 | Reached skill level 13 in Air Magic
 56112 | Vaults:4 | Reached skill level 13 in Earth Magic
 56112 | Vaults:4 | Reached skill level 13 in Poison Magic
 57125 | Elf:1    | Entered Level 1 of the Elven Halls
 57130 | Elf:1    | Found a shimmering blue altar of Sif Muna.
 57362 | Elf:1    | Found a runed translucent gate.
 57362 | Elf:1    | Found a runed translucent gate.
 57363 | Elf:1    | Found a runed translucent gate.
 57366 | Elf:1    | Noticed Fuonemn's ghost (veteran DDBe)
 58169 | Elf:1    | Reached skill level 16 in Fighting
 58169 | Elf:1    | Reached skill level 16 in Dodging
 58170 | Elf:1    | Reached skill level 17 in Short Blades
 58493 | Elf:1    | Found a viscous altar of Jiyva.
 58610 | Elf:1    | Got the Commentary on Unhallowed Deeds
 58784 | Elf:1    | Noticed Zenata
 59045 | Elf:2    | Paralysed by an air elemental for 1 turns
 59057 | Elf:2    | Paralysed by an air elemental for 1 turns
 59810 | Elf:2    | Noticed Aizul
 59824 | Elf:2    | Killed Aizul
 60076 | Elf:2    | Reached XP level 23. HP: 184/184 MP: 42/42
 60094 | Elf:2    | Found a runed translucent gate.
 60113 | Elf:2    | Found a runed translucent gate.
 60113 | Elf:2    | Found a runed translucent gate.
 60160 | Elf:2    | Reached skill level 17 in Invocations
 61353 | Elf:3    | Entered Level 3 of the Elven Halls
 61664 | Elf:3    | Reached skill level 16 in Stealth
 62359 | Elf:3    | Reached skill level 18 in Short Blades
 62489 | Elf:3    | Identified the +9 dire flail "Moreax" {antimagic, rN++}
 62489 | Elf:3    | Identified the +1 robe of the Clam {Regen+ rCorr Int+5}
 62509 | Elf:3    | Reached skill level 16 in Long Blades
 62509 | Elf:3    | Reached skill level 16 in Axes
 62509 | Elf:3    | Reached skill level 16 in Maces & Flails
 62509 | Elf:3    | Reached skill level 16 in Polearms
 62509 | Elf:3    | Reached skill level 16 in Staves
 62509 | Elf:3    | Reached skill level 16 in Throwing
 62509 | Elf:3    | Reached skill level 16 in Armour
 62509 | Elf:3    | Reached skill level 16 in Shields
 62509 | Elf:3    | Reached skill level 16 in Unarmed Combat
 62509 | Elf:3    | Reached skill level 16 in Spellcasting
 62509 | Elf:3    | Reached skill level 16 in Evocations
 62656 | Elf:3    | Identified the +1 spear of Alaroid {vorpal, *Rage rN+
                  | Stlth+}
 62687 | Elf:3    | Identified the +4 ring mail of Dishonesty {Int-3 Slay+2
                  | Stlth+}
 62695 | Elf:3    | Identified the +3 long sword of Abuse {freeze, rCorr}
 62697 | Elf:3    | Identified the +1 scale mail of Ququzel {rElec rCorr MP+9}
 62701 | Elf:3    | Identified the +6 chain mail of Light {Contam rElec Dex+4}
 63362 | D:15     | Killed Roxanne
 63511 | D:15     | Found Gakh's Assorted Antiques.
 63589 | D:15     | Found a staircase to the Depths.
 64012 | D:15     | Killed Louise
 64183 | Depths:1 | Entered Level 1 of the Depths
 64279 | Depths:1 | Reached skill level 18 in Ranged Weapons
 64316 | Depths:1 | Noticed Sojobo
 64321 | Depths:1 | Paralysed by an air elemental for 1 turns
 64323 | Depths:1 | Paralysed by an air elemental for 1 turns
 64335 | Depths:1 | Killed Sojobo
 64827 | Depths:1 | Noticed Nikola
 64832 | Depths:1 | Killed Nikola
 64892 | Depths:1 | Found Venisas's Assorted Antiques.
 64894 | Depths:1 | Found Edeat Urose's General Store.
 64894 | Depths:1 | Found Egoum's General Store.
 64899 | Depths:1 | Found Houkegah's Armour Emporium.
 64901 | Depths:1 | Found a gateway to Hell.
 64912 | Depths:1 | Bought a scroll of blinking for 127 gold pieces
 64915 | Depths:1 | Bought an ichor-stained dagger for 238 gold pieces
 64915 | Depths:1 | Identified the +11 dagger "Zeligatzajao" {antimagic, Dex+4}
                  | (You bought it in a shop on level 1 of the Depths)
 64950 | Depths:1 | Found a one-way gateway to a ziggurat.
 65040 | Depths:1 | Reached XP level 24. HP: 186/193 MP: 33/43
 65053 | Depths:1 | Acquired 996 gold pieces
 65377 | Depths:1 | Reached skill level 17 in Fighting
 65377 | Depths:1 | Reached skill level 17 in Dodging
 65501 | Depths:1 | Reached skill level 14 in Conjurations
 65501 | Depths:1 | Reached skill level 14 in Hexes
 65501 | Depths:1 | Reached skill level 14 in Summonings
 65501 | Depths:1 | Reached skill level 14 in Necromancy
 65501 | Depths:1 | Reached skill level 14 in Translocations
 65501 | Depths:1 | Reached skill level 14 in Transmutations
 65501 | Depths:1 | Reached skill level 14 in Fire Magic
 65501 | Depths:1 | Reached skill level 14 in Ice Magic
 65501 | Depths:1 | Reached skill level 14 in Air Magic
 65501 | Depths:1 | Reached skill level 14 in Earth Magic
 65501 | Depths:1 | Reached skill level 14 in Poison Magic
 65936 | Depths:2 | Found a one-way gate leading to the halls of Pandemonium.
 66098 | Depths:2 | HP: 84/195 [disintegration (28)]
 66651 | Depths:2 | Reached skill level 17 in Throwing
 66959 | Depths:2 | Reached skill level 19 in Short Blades
 66961 | Depths:2 | Found Hafimm's Antique Weapon Shop.
 67200 | Depths:3 | Reached skill level 18 in Invocations
 67342 | Depths:3 | HP: 74/195 [spriggan berserker/+4 antimagic broad axe (32)]
 67357 | Depths:3 | HP: 66/195 [spriggan air mage/the air (13)]
 67362 | Depths:3 | HP: 81/195 [spriggan air mage/the air (11)]
 67367 | Depths:3 | HP: 66/195 [spectral caustic shrike (18)]
 67676 | Depths:3 | Found a one-way gate to the infinite horrors of the Abyss.
 68010 | Depths:3 | Identified the amulet of Daib {Faith Int+4}
 68134 | Depths:3 | Reached skill level 17 in Stealth
 68167 | Depths:3 | HP: 93/195 [white very ugly thing (25)]
 69032 | Depths:3 | Reached skill level 17 in Long Blades
 69032 | Depths:3 | Reached skill level 17 in Axes
 69032 | Depths:3 | Reached skill level 17 in Maces & Flails
 69032 | Depths:3 | Reached skill level 17 in Polearms
 69032 | Depths:3 | Reached skill level 17 in Staves
 69032 | Depths:3 | Reached skill level 17 in Armour
 69032 | Depths:3 | Reached skill level 17 in Shields
 69032 | Depths:3 | Reached skill level 17 in Unarmed Combat
 69032 | Depths:3 | Reached skill level 17 in Spellcasting
 69032 | Depths:3 | Reached skill level 17 in Evocations
 69049 | Depths:3 | Reached XP level 25. HP: 139/202 MP: 41/44
 69555 | Depths:3 | Reached skill level 18 in Throwing
 69926 | Depths:4 | Entered Level 4 of the Depths
 70218 | Depths:4 | Found Tysoiwn's Weapon Boutique.
 70552 | Depths:4 | Noticed Jory
 70566 | Depths:4 | HP: 82/203 [Jory/+3 vampiric great sword (36)]
 70567 | Depths:4 | Killed Jory
 71061 | Depths:4 | Reached skill level 20 in Short Blades
 71433 | Depths:4 | Found a broken altar of Ashenzari.
 71569 | Depths:4 | Reached skill level 19 in Ranged Weapons
 71825 | Depths:4 | Found a gate to the Realm of Zot.
 72344 | Slime:1  | Entered Level 1 of the Pits of Slime
 72714 | Slime:1  | HP: 83/203 [rockslime (21)]
 73527 | Slime:2  | Reached skill level 18 in Fighting
 73527 | Slime:2  | Reached skill level 18 in Dodging
 73578 | Slime:2  | Gained mutation: You sometimes lose your temper in combat.
                  | [a shining eye]
 73898 | Slime:2  | Gained mutation: You expend magic power (3 MP) to
                  | strengthen your wands. [a shining eye]
 74383 | Slime:2  | Reached skill level 19 in Invocations
 74787 | Slime:3  | Learned a level 3 spell: Portal Projectile
 74789 | Slime:3  | Learned a level 1 spell: Apportation
 74889 | Slime:3  | Reached skill level 19 in Throwing
 74889 | Slime:3  | Reached skill level 15 in Conjurations
 74889 | Slime:3  | Reached skill level 15 in Hexes
 74889 | Slime:3  | Reached skill level 15 in Summonings
 74889 | Slime:3  | Reached skill level 15 in Necromancy
 74889 | Slime:3  | Reached skill level 15 in Translocations
 74889 | Slime:3  | Reached skill level 15 in Transmutations
 74889 | Slime:3  | Reached skill level 15 in Fire Magic
 74889 | Slime:3  | Reached skill level 15 in Ice Magic
 74889 | Slime:3  | Reached skill level 15 in Air Magic
 74889 | Slime:3  | Reached skill level 15 in Earth Magic
 74889 | Slime:3  | Reached skill level 15 in Poison Magic
 75258 | Slime:4  | Found a viscous altar of Jiyva.
 75353 | Slime:4  | Gained mutation: You are occasionally teleported next to
                  | monsters. [a shining eye]
 75556 | Slime:4  | Lost mutation: You sometimes lose your temper in combat.
                  | [potion of mutation]
 75556 | Slime:4  | Lost mutation: You are occasionally teleported next to
                  | monsters. [potion of mutation]
 75556 | Slime:4  | Lost mutation: You expend magic power (3 MP) to strengthen
                  | your wands. [potion of mutation]
 75556 | Slime:4  | Gained mutation: You sometimes lose your temper in combat.
                  | [potion of mutation]
 75556 | Slime:4  | Gained mutation: You are partially covered in iridescent
                  | scales. (AC +2) [potion of mutation]
 75557 | Slime:4  | Lost mutation: You sometimes lose your temper in combat.
                  | [potion of mutation]
 75557 | Slime:4  | Lost mutation: You are partially covered in iridescent
                  | scales. (AC +2) [potion of mutation]
 75557 | Slime:4  | Gained mutation: You have sharp toenails. [potion of
                  | mutation]
 75557 | Slime:4  | Gained mutation: You are somewhat resistant to further
                  | mutation. [potion of mutation]
 75559 | Slime:5  | Entered Level 5 of the Pits of Slime
 75679 | Slime:5  | Reached XP level 26. HP: 202/211 MP: 39/44
 75757 | Slime:5  | Noticed the Royal Jelly
 75778 | Slime:5  | Killed the Royal Jelly
 75779 | Slime:5  | HP: 104/211 [rockslime[the Royal Jelly] (2)]
 75784 | Slime:4  | HP: 69/211 [acid blob/splash of acid (12)]
 76810 | Slime:5  | Gained mutation: You are weak. (Str -2) [a shining eye]
 76811 | Slime:5  | Gained mutation: Armour fits poorly on your strangely
                  | shaped body. [a shining eye]
 76847 | Slime:5  | Reached skill level 21 in Short Blades
 77420 | Slime:5  | Identified the +6 war axe of the Bruised Emperors {drain,
                  | rF- rC++ rN+ Dex-5}
 77424 | Slime:5  | Identified the +3 halberd of the Changing Gods {drain,
                  | Will+ rCorr}
 77428 | Slime:5  | Got the Collected Works on the Traveller
 77431 | Slime:5  | Identified the +0 rapier "Zojon" {holy, rPois Int+3 Dex-3
                  | SInv}
 77438 | Slime:5  | Identified the +9 halberd "Luz Hobu" {vamp, rF- Will+
                  | Int+4}
 77495 | Slime:5  | Got a slimy rune of Zot
 77574 | Slime:5  | Reached skill level 18 in Stealth
 78005 | Lair:4   | Lost mutation: You are somewhat resistant to further
                  | mutation. [potion of mutation]
 78005 | Lair:4   | Lost mutation: You are weak. (Str -2) [potion of mutation]
 78005 | Lair:4   | Gained mutation: Your body sometimes deteriorates upon
                  | taking damage. [potion of mutation]
 78005 | Lair:4   | Gained mutation: Your body often deteriorates upon taking
                  | damage. [potion of mutation]
 78005 | Lair:4   | Gained mutation: You have an increased reservoir of magic.
                  | (+10% MP) [potion of mutation]
 78006 | Lair:4   | Lost mutation: You have an increased reservoir of magic.
                  | (+10% MP) [potion of mutation]
 78006 | Lair:4   | Lost mutation: Your body often deteriorates upon taking
                  | damage. [potion of mutation]
 78006 | Lair:4   | Lost mutation: Armour fits poorly on your strangely shaped
                  | body. [potion of mutation]
 78006 | Lair:4   | Lost mutation: You have sharp toenails. [potion of
                  | mutation]
 78006 | Lair:4   | Gained mutation: Your mind is acute. (Int +4, Str/Dex -1)
                  | [potion of mutation]
 78326 | Vaults:4 | Learned a level 7 spell: Haunt
 78328 | Vaults:5 | Entered Level 5 of the Vaults
 78389 | Vaults:4 | HP: 104/213 [golden dragon/bolt of cold (16)]
 78396 | Vaults:4 | HP: 98/213 [golden dragon/blast of poison (3)]
 79192 | Vaults:4 | HP: 83/213 [???[a deep elf demonologist] (65)]
 79496 | Vaults:4 | Reached skill level 18 in Long Blades
 79496 | Vaults:4 | Reached skill level 18 in Axes
 79496 | Vaults:4 | Reached skill level 18 in Maces & Flails
 79496 | Vaults:4 | Reached skill level 18 in Polearms
 79496 | Vaults:4 | Reached skill level 18 in Staves
 79496 | Vaults:4 | Reached skill level 18 in Armour
 79496 | Vaults:4 | Reached skill level 18 in Shields
 79496 | Vaults:4 | Reached skill level 18 in Unarmed Combat
 79496 | Vaults:4 | Reached skill level 18 in Spellcasting
 79496 | Vaults:4 | Reached skill level 18 in Evocations
 79713 | Vaults:5 | HP: 106/213 [storm dragon/bolt of lightning (34)]
 79721 | Vaults:4 | HP: 67/213 [storm dragon/bolt of lightning (4)]
 80133 | Vaults:4 | HP: 77/213 [titan/bolt of lightning (41)]
 80786 | Vaults:4 | HP: 102/213 [poisoned by a tengu reaver (bolt of poison)]
 80791 | Vaults:4 | HP: 86/213 [poisoned by a tengu reaver (bolt of poison)]
 80797 | Vaults:4 | HP: 60/213 [poisoned by a tengu reaver (bolt of poison)]
 80802 | Vaults:4 | HP: 57/213 [poisoned by a tengu reaver (bolt of poison)]
 81191 | Vaults:4 | HP: 106/213 [iron dragon/spray of metal splinters (42)]
 81707 | Vaults:5 | Reached skill level 20 in Throwing
 81944 | Vaults:4 | HP: 82/213 [vault warden/+3 great sword of holy wrath (26)]
 82521 | Vaults:4 | HP: 105/213 [fire giant/bolt of fire (3)]
 83048 | Vaults:5 | Identified the ring of Waot {Wiz Int+5}
 83063 | Vaults:4 | HP: 106/213 [poisoned by a golden dragon (blast of poison)]
 83068 | Vaults:4 | HP: 85/213 [poisoned by a golden dragon (blast of poison)]
 83533 | Vaults:5 | Reached skill level 16 in Ice Magic
 83726 | Vaults:5 | Identified the ring of Juotsif {rPois rN+ Int+2 SInv}
 83817 | Vaults:5 | Identified the +4 trident of Perfectionism {protect, Str+6}
 83844 | Vaults:5 | Identified the +1 glaive "Vymnimin" {venom, *Slow rElec
                  | rN+++ Stlth+}
 83971 | Vaults:5 | Reached XP level 27. HP: 220/220 MP: 45/45
 83992 | Vaults:5 | Identified the +6 ring mail "Seguygg" {rF+ Stlth+}
 84119 | Vaults:5 | Got a silver rune of Zot
 85021 | Elf:1    | Reached skill level 22 in Short Blades
 85096 | Elf:2    | Killed Fuonemn's ghost
 85097 | Elf:2    | Reached skill level 20 in Ranged Weapons
 85332 | Elf:1    | Identified the ring of the Visionary {Wiz rPois Int+10
                  | Dex-5}
 85553 | D:11     | You paid a toll of 6 potions of haste to enter a treasure
                  | trove
 85554 | Trove    | Entered a treasure trove
 85562 | Trove    | Identified the ring of Linearity {rCorr Dex+3 Slay+5}
 85566 | Trove    | Identified the ring of Myam {rElec Will++ AC+4 Int-2
                  | Slay+2}
 85568 | Trove    | Identified the ring "Fassue" {rCorr Slay+2}
 85570 | Trove    | Identified the ring of the Irksome God {rN+ rCorr}
 85573 | Trove    | Identified the ring "Cess" {rElec Will+}
 85575 | Trove    | Identified the ring of Pessimism {Str+6 Dex+4}
 85580 | Trove    | Identified the amulet of Hudute {Acrobat Str+4 SInv}
 85585 | Trove    | Identified the amulet "Seawn" {Acrobat rElec rF- rCorr
                  | Int+4}
 85597 | Trove    | Identified the amulet "Cajet" {Regen+ Slay+6}
 85886 | Crypt:1  | Entered Level 1 of the Crypt
 86126 | Crypt:1  | Reached skill level 20 in Invocations
 86283 | Crypt:1  | Reached skill level 19 in Fighting
 86283 | Crypt:1  | Reached skill level 19 in Dodging
 87238 | Crypt:2  | Identified the ring "Abolydou" {Ice rN+ Str-5 Dex+3 Slay+3}
 87238 | Crypt:2  | Noticed Josephina
 87247 | Crypt:2  | Killed Josephina
 87636 | Crypt:3  | Entered Level 3 of the Crypt
 87656 | Crypt:3  | Identified the +7 war axe of the Wasteland {flame, *Rage
                  | rPois Int+3 SInv}
 87934 | Crypt:3  | Found a staircase to the Tomb.
 88276 | Crypt:3  | Noticed a dread lich
 88328 | Crypt:3  | Killed a dread lich
 88648 | Crypt:3  | Reached skill level 21 in Throwing
 88791 | Crypt:3  | Reached skill level 16 in Conjurations
 88791 | Crypt:3  | Reached skill level 16 in Hexes
 88791 | Crypt:3  | Reached skill level 16 in Summonings
 88791 | Crypt:3  | Reached skill level 16 in Necromancy
 88791 | Crypt:3  | Reached skill level 16 in Translocations
 88791 | Crypt:3  | Reached skill level 16 in Transmutations
 88791 | Crypt:3  | Reached skill level 16 in Fire Magic
 88791 | Crypt:3  | Reached skill level 16 in Air Magic
 88791 | Crypt:3  | Reached skill level 16 in Earth Magic
 88791 | Crypt:3  | Reached skill level 16 in Poison Magic
 88911 | Crypt:3  | Identified the +9 scale mail of the Nightingale {Rampage
                  | Fly Int+7 Dex-5}
 88913 | Crypt:3  | Identified the +6 quarterstaff "Mymuwn" {flame, rC+ rN+
                  | Str-2 Dex+2}
 88940 | Crypt:3  | Identified the +4 swamp dragon scales "Veasion" {rPois
                  | Dex+2}
 88962 | Crypt:3  | Got the Commentary on Terrain
 89067 | Crypt:3  | Identified the amulet "Rutoa" {Acrobat rN+}
 89085 | Crypt:3  | Identified the ring "Munluxzu" {Fly rN+ Int+7 Dex-3}
 89088 | Crypt:3  | Identified the ring of Inol {rN+ Dex+5}
 89744 | Depths:3 | Voluntarily entered the Abyss.
 89855 | Abyss:3  | Found a corrupted altar of Lugonu.
 90346 | Abyss:3  | Reached skill level 19 in Stealth
 90525 | Abyss:3  | Paralysed by accursed screaming for 2 turns
 90529 | Abyss:3  | HP: 70/177 [wretched star/lance of force (24)]
 90529 | Abyss:3  | Paralysed by accursed screaming for 2 turns
 90535 | Abyss:3  | Found a corrupted altar of Lugonu.
 90535 | Abyss:3  | Found a corrupted altar of Lugonu.
 90541 | Abyss:3  | Reached skill level 17 in Ice Magic
 90542 | Abyss:3  | Got an abyssal rune of Zot
 90544 | Abyss:3  | HP: 39/222 [oklob plant/splash of acid (2)]
 90555 | Abyss:3  | HP: 71/222 [starcursed mass/accursed screaming (9)]
 90563 | Abyss:3  | HP: 64/222 [starcursed mass/accursed screaming (7)]
 90566 | Abyss:3  | Found a corrupted altar of Lugonu.
 90568 | Abyss:3  | HP: 48/222 [starcursed mass/accursed screaming (10)]
 90570 | Depths:3 | Escaped the Abyss
 91202 | Depths:3 | Learned a level 8 spell: Borgnjor's Revivification
 91539 | Snake:4  | Bought a Necronomicon for 840 gold pieces
 91548 | Snake:4  | Learned a level 8 spell: Necromutation
 92394 | Hell     | Entered the Vestibule of Hell
 92394 | Hell     | Noticed Geryon
 92411 | Depths:1 | HP: 89/180 [hell hog/fireball (6)]
 92648 | Hell     | Reached skill level 19 in Long Blades
 92648 | Hell     | Reached skill level 19 in Axes
 92648 | Hell     | Reached skill level 19 in Maces & Flails
 92648 | Hell     | Reached skill level 19 in Polearms
 92648 | Hell     | Reached skill level 19 in Staves
 92648 | Hell     | Reached skill level 19 in Armour
 92648 | Hell     | Reached skill level 19 in Shields
 92648 | Hell     | Reached skill level 19 in Unarmed Combat
 92648 | Hell     | Reached skill level 19 in Spellcasting
 92648 | Hell     | Reached skill level 19 in Evocations
 92670 | Hell     | Noticed Murray
 92903 | Hell     | Killed Murray
 92914 | Depths:1 | Reached skill level 23 in Short Blades
 93251 | Hell     | Killed Geryon
 93333 | Hell     | Found a gateway to the Iron City of Dis.
 93464 | Hell     | Found a gateway to the ashen valley of Gehenna.
 93605 | Zot:1    | Entered Level 1 of the Realm of Zot
 93771 | Depths:4 | Gained mutation: Your body often deteriorates upon taking
                  | damage. [mutagenic glow]
 94776 | Zot:2    | Reached skill level 22 in Throwing
 94899 | Zot:2    | Reached skill level 21 in Invocations
 95536 | Zot:3    | Reached skill level 18 in Ice Magic
 95702 | Zot:3    | Noticed a dread lich
 95721 | Zot:2    | Reached skill level 20 in Fighting
 95721 | Zot:2    | Reached skill level 20 in Dodging
 95866 | Zot:3    | Killed a dread lich
 95867 | Zot:3    | Reached skill level 21 in Ranged Weapons
 95938 | Zot:3    | HP: 95/221 [black draconian knight/bolt of lightning (54)]
 95942 | Zot:3    | HP: 47/221 [Killer Klown/klown pie (29)]
 96877 | Zot:3    | Reached skill level 24 in Short Blades
 97269 | Zot:3    | HP: 112/224 [poisoned by a Killer Klown]
 97274 | Zot:3    | HP: 109/224 [poisoned by a Killer Klown]
 97280 | Zot:3    | HP: 110/224 [poisoned by a Killer Klown]
 97497 | Zot:4    | Reached skill level 20 in Stealth
 97498 | Zot:4    | HP: 112/224 [something (7)]
 97503 | Zot:3    | HP: 87/224 [poison (poison gas)]
 97508 | Zot:3    | HP: 86/224 [poison (poison gas)]
 97683 | Zot:4    | Reached skill level 17 in Conjurations
 97683 | Zot:4    | Reached skill level 17 in Hexes
 97683 | Zot:4    | Reached skill level 17 in Summonings
 97683 | Zot:4    | Reached skill level 17 in Necromancy
 97683 | Zot:4    | Reached skill level 17 in Translocations
 97683 | Zot:4    | Reached skill level 17 in Transmutations
 97683 | Zot:4    | Reached skill level 17 in Fire Magic
 97683 | Zot:4    | Reached skill level 17 in Air Magic
 97683 | Zot:4    | Reached skill level 17 in Earth Magic
 97683 | Zot:4    | Reached skill level 17 in Poison Magic
 97883 | Zot:4    | Reached skill level 23 in Throwing
 98057 | Zot:4    | Identified the +1 pair of boots "Hunoc Mext" {Dex+2}
 98108 | Zot:4    | Reached skill level 20 in Long Blades
 98108 | Zot:4    | Reached skill level 20 in Axes
 98108 | Zot:4    | Reached skill level 20 in Maces & Flails
 98108 | Zot:4    | Reached skill level 20 in Polearms
 98108 | Zot:4    | Reached skill level 20 in Staves
 98108 | Zot:4    | Reached skill level 20 in Armour
 98108 | Zot:4    | Reached skill level 20 in Shields
 98108 | Zot:4    | Reached skill level 20 in Unarmed Combat
 98108 | Zot:4    | Reached skill level 20 in Spellcasting
 98108 | Zot:4    | Reached skill level 20 in Evocations
 98353 | Zot:5    | Entered Level 5 of the Realm of Zot
 99237 | Zot:5    | Reached skill level 19 in Ice Magic
 99263 | Zot:5    | Noticed a dread lich
 99274 | Zot:5    | Killed a dread lich
 99290 | Zot:5    | Noticed an orb of fire
 99296 | Zot:5    | Noticed a dread lich
 99299 | Zot:5    | Noticed an ancient lich
 99309 | Zot:5    | Noticed a dread lich
 99309 | Zot:5    | Noticed an ancient lich
 99309 | Zot:5    | Noticed an ancient lich
 99312 | Zot:5    | Noticed an ancient lich
 99313 | Zot:5    | Killed an ancient lich
 99314 | Zot:5    | Killed an ancient lich
 99315 | Zot:5    | Noticed an ancient lich
 99315 | Zot:5    | Noticed an orb of fire
 99315 | Zot:5    | Noticed an orb of fire
 99316 | Zot:5    | Killed a dread lich
 99318 | Zot:5    | Killed an orb of fire
 99377 | Zot:5    | Killed an orb of fire
 99465 | Zot:5    | Killed an ancient lich
 99579 | Zot:5    | Killed a dread lich
 99620 | Zot:5    | Reached skill level 22 in Invocations
 99735 | Zot:5    | Reached skill level 25 in Short Blades
 99781 | Zot:5    | Killed an orb of fire
 99860 | Zot:5    | Got the Orb of Zot
 99871 | Zot:5    | Noticed Kugutayg the pandemonium lord
 99878 | Zot:5    | Killed Kugutayg the pandemonium lord
100033 | Zot:3    | Noticed Usoleluu the pandemonium lord
100445 | D:9      | Noticed Butusuih the pandemonium lord
100457 | D:9      | Killed Butusuih the pandemonium lord
100519 | D:6      | Noticed Geox the pandemonium lord
100551 | D:4      | Killed Eustachio
100683 | D:$      | Escaped with the Orb!

Illustrated notes

Levels and vault maps discovered:
D:1:      scummos_arrival_simple_fountains, layout_loops_ring,
          shapermc_ecumenical_altar_ellora
D:2:      layout_loops_ring
D:3:      minmay_general_purpose_star, layout_loops_cross, grunt_gozag_statues,
          trog_hazing_becter, uniq_ijyb
D:4:      minmay_wonky_spiral, layout_rooms, kennysheep_orc_sif_temple,
          uniq_sigmund, uniq_eustachio, uniq_natasha, uniq_crazy_yiuf_cottage
D:5:      layout_gridville, nemelex_spade_bored_becter, gup_sewer_entry_pipe,
          nicolae_titane
D:6:      layout_cave_pools, minmay_temple_entry_enclosed_plants,
          serial_column_ruins, column_ruins_open_large, column_ruins_grid_2,
          column_ruins_open_small, column_ruins_columns_straight,
          roderic_lattice_a, minivault_11, serial_bayou_lake_a
D:7:      layout_loops_cross, nicolae_wooded_promenade,
          hangedman_abyss_or_decor_lesser_grid, minmay_misc_feat_encased,
          eino_jars, uniq_maggie, uniq_pikel, uniq_joseph, uniq_prince_ribbit1,
          uniq_duvessa
D:8:      layout_rooms, nicolae_dithmenos_the_darkroom, demons_altar
D:9:      layout_roguey, mainiacjoe_overflow_six_doors_small, lair_entry_dummy,
          erik_orc_1, eino_tiny_chamber, serial_park_tiny_1,
          kennysheep_kite_vault
D:10:     layout_basic, mainiacjoe_overflow_concentric_impassable
D:11:     layout_basic, enter_trove_5, special_room [special_room_orc]
D:12:     layout_roguey, serial_rivers, chequers_serial_rivers_micro_e,
          chequers_serial_rivers_marsh, chequers_serial_rivers_micro_d,
          chequers_serial_rivers_micro_d, chequers_serial_rivers_large_b
D:13:     layout_basic, minmay_misc_feat_tiny
D:14:     layout_stronghold, david_vaults_1, lightli_airlock
D:15:     gammafunk_depths_entry_grave, layout_stronghold, serial_shops, shop,
          small_chamber_with_monster, uniq_roxanne, uniq_nessos, uniq_azrael,
          uniq_louise
Temple:   nicolae_temple_bog_church
Lair:1:   layout_regular_city, minmay_shattered_shrine, serial_bayou_shore_a,
          uniq_urug, uniq_nergalle
Lair:2:   layout_chaotic_city, guppyfry_snake_entry_garden
Lair:3:   layout_regular_city, minmay_shoals_entry_lonely_mermaid,
          serial_bayou_crossing, uniq_kirke
Lair:4:   layout_layer_cave, slime_entry_1, nzn_ghost_randoct,
          kennysheep_catoblepas_arena
Lair:5:   evilmike_catoblepas_cave, layout_hall_layers,
          lightli_volcano_entry_magma_tube, worms_lemuel
Shoals:1: layout_shoals, nicolae_shoals_spectral_cove
Shoals:2: layout_shoals, nicolae_shop_clearance, uniq_polyphemus
Shoals:3: layout_shoals
Shoals:4: shoals_end_hellmonk_storm_palace [storm_palace_center_square,
          storm_palace_corner_blocked, storm_palace_corner_narrow,
          storm_palace_corner_grid, storm_palace_corner_pillars]
Snake:1:  layout_basic, nicolae_snake_naga_rites
Snake:2:  dpeg_oklob_gauntlet, layout_gridlike, serial_shops, shop,
          minmay_snake_pond, grunt_megastairs_2, serial_bayou_shore_b,
          minmay_shop_grove
Snake:3:  layout_rooms, serial_shops, nicolae_shop_behind_doors, shop,
          nicolae_diamond_shop, shop
Snake:4:  grunt_snake_rune_spirals, layout_onion, serial_shops, shop_coins,
          shop, nicolae_shop_trees, nicolae_snake_coiling_death, uniq_vashnia
Slime:1:  layout_caves
Slime:2:  layout_caves
Slime:3:  layout_caves
Slime:4:  layout_caves, basic_altar
Slime:5
Orc:1:    layout_caves, serial_shops, shop_statue, uniq_jorgrun
Orc:2:    grunt_orc_community_town_hall, layout_caves,
          grunt_orc_community_big_house_2, grunt_orc_community_big_house_2,
          grunt_orc_community_house_3, grunt_orc_community_house_3,
          grunt_orc_community_house_3, grunt_orc_community_house_1,
          grunt_orc_community_house_1, nicolae_orc_damp_corner
Elf:1:    layout_onion_city, gammafunk_ghost_ooze, basic_altar,
          minmay_elf_necromancy, drop_trap, uniq_zenata
Elf:2:    nicolae_elf_blades_splatter_lattice
          [nicolae_blade_entry_diamond_columns], layout_geoelf_diagonals,
          uniq_aizul
Elf:3:    minmay_elf_hall_statues, layout_geoelf_octagon
Vaults:1: hangedman_vaults_restitches, nicolae_vaults_little_ls,
          hangedman_vaults_slither, v_misc_30, grunt_tower_of_power,
          v_pattern_2, nicolae_vaults_alarming, grunt_vaults_funnel,
          layout_vaults_chaotic_city, serial_shops, shop_statue
Vaults:2: dpeg_vaults_monster_row, v_alt_pattern_6, v_pattern_3,
          nicolae_vaults_ring_of_whatevers, grunt_vaults_hallway_long,
          v_misc_29, nicolae_vaults_network_quinsquares
          [nicolae_vaults_network_quincunx_subvault,
          nicolae_vaults_network_quincunx_subvault,
          nicolae_vaults_network_quincunx_subvault,
          nicolae_vaults_network_quincunx_subvault],
          vaults_room_hangedman_quadrants, nicolae_vaults_yaktaur_gun_rack,
          vaults_mumra_lcd, grunt_vaults_hallway_long, layout_vaults_big_cross,
          serial_shops, shop
Vaults:3: minmay_crypt_entry_nasty_monster, v_rooms_2,
          nicolae_vaults_minivaults, grunt_vaults_diagonal, vaults_room_hallway,
          vaults_room_door_hall, nicolae_vaults_stairing_the_circle, v_misc_12,
          v_misc_13, hangedman_vaults_maws, nicolae_vaults_specimen_jars,
          ontoclasm_vaults_ligature, layout_vaults_omnigrid, uniq_mara
Vaults:4: hangedman_vaults_restitches, vaults_room_door_ring,
          ontoclasm_vaults_eye, v_rooms_1, hangedman_vaults_stagger,
          hangedman_vaults_hat, v_misc_19, v_misc_11, vaults_room_hallway,
          nicolae_vaults_little_squares_3, nicolae_vaults_little_squares_4,
          layout_vaults_ring, serial_shops, bzr_entry_lakeside
Vaults:5: serial_shops
Crypt:1:  layout_misc_corridors, st_stairs_8, grunt_megastairs_5
Crypt:2:  layout_regular_city, uniq_josephina
Crypt:3:  due_elkab, layout_chaotic_city, st_stairs_4, corexii_leaking_fountain
Depths:1: layout_basic, enter_ziggurat_a, hell_entry, minmay_misc_feat_cross,
          interstate_on_off, lemuel_flamethrower_1, firewood_loft,
          grunt_megastairs_3, minmay_shoptagon, serial_bayou_shore_b,
          uniq_sojobo, uniq_nikola
Depths:2: minmay_curly_fans, layout_cave_pools, hellmouth_1, pan_entry,
          serial_shops, kennysheep_little_box
Depths:3: minmay_spiral_squares, layout_cross, pf_hell_entry_tar_river,
          serial_glass, glass_columns_b, glass_columns_a, glass_columns_c,
          glass_columns_c, glass_columns_a, glass_columns_c, glass_columns_a,
          glass_columns_b, glass_columns_a, glass_columns_a, glass_columns_a,
          glass_columns_a, glass_columns_b, glass_columns_b,
          chequers_serial_rivers_marsh, nicolae_abyss_entry_one_way_or_another,
          uniq_margery
Depths:4: grunt_zot_entry_bicorn, layout_gridlike, abyss_entry,
          cheibrodos_ashenzari_chains, grunt_hell_entry_dis_mu, serial_shops,
          nicolae_shop_bloodbath_and_beyond, serial_bayou_shore_b, uniq_jory
Hell
Zot:1:    layout_gridlike
Zot:2:    kennysheep_blocky_hall, layout_twisted_circle, st_stairs_1,
          bh_zot_lava_cross
Zot:3:    ebering_klown_carousel, layout_gridlike
Zot:4:    layout_onion_interference, hangedman_zot_spectrum
Zot:5:    layout_basic, bh_zot_levy_curve, grunt_ministairs_14

Skill      XL: |  1  2  3  4  5  6  7  8  9 10 11 12 13 14 15 16 17 18 19 20 21 22 23 24 25 26 27 |
---------------+----------------------------------------------------------------------------------+-----
Invocations    | 1 2 3 4 5 6 7 8 9 10 11 12 13 14 15 16 17 18 19 22 | 22.1
Short Blades   | 1 2 3 5 6 7 8 9 10 11 12 13 14 16 17 18 19 20 21 25 | 25.1
Long Blades    | 1 2 3 5 6 7 8 9 10 11 12 13 14 15 16 17 18 20 | 20.5
Axes           | 1 2 3 5 6 7 8 9 10 11 12 13 14 15 16 17 18 20 | 20.5
Maces & Flails | 1 2 3 5 6 7 8 9 10 11 12 13 14 15 16 17 18 20 | 20.5
Polearms       | 1 2 3 5 6 7 8 9 10 11 12 13 14 15 16 17 18 20 | 20.5
Staves         | 1 2 3 5 6 7 8 9 10 11 12 13 14 15 16 17 18 20 | 20.5
Throwing       | 1 2 3 5 6 7 8 9 10 11 12 13 14 15 16 17 19 20 23 | 23.9
Armour         | 1 2 3 5 6 7 8 9 10 11 12 13 14 15 16 17 18 20 | 20.5
Shields        | 1 2 3 5 6 7 8 9 10 11 12 13 14 15 16 17 18 20 | 20.5
Unarmed Combat | 1 2 3 5 6 7 8 9 10 11 12 13 14 15 16 17 18 20 | 20.5
Spellcasting   | 1 2 3 5 6 7 8 9 10 11 12 13 14 15 16 17 18 20 | 20.5
Evocations     | 1 2 3 5 6 7 8 9 10 11 12 13 14 15 16 17 18 20 | 20.5
Conjurations   | 1 2 3 4 5 6 7 8 9 10 11 12 13 14 15 17 | 17.5
Hexes          | 1 2 3 4 5 6 7 8 9 10 11 12 13 14 15 17 | 17.5
Summonings     | 1 2 3 4 5 6 7 8 9 10 11 12 13 14 15 17 | 17.5
Necromancy     | 1 2 3 4 5 6 7 8 9 10 11 12 13 14 15 17 | 17.5
Translocations | 1 2 3 4 5 6 7 8 9 10 11 12 13 14 15 17 | 17.5
Transmutations | 1 2 3 4 5 6 7 8 9 10 11 12 13 14 15 17 | 17.5
Fire Magic     | 1 2 3 4 5 6 7 8 9 10 11 12 13 14 15 17 | 17.5
Ice Magic      | 1 2 3 4 5 6 7 8 9 10 11 12 13 14 15 16 19 | 19.5
Air Magic      | 1 2 3 4 5 6 7 8 9 10 11 12 13 14 15 17 | 17.5
Earth Magic    | 1 2 3 4 5 6 7 8 9 10 11 12 13 14 15 17 | 17.5
Poison Magic   | 1 2 3 4 5 6 7 8 9 10 11 12 13 14 15 17 | 17.5
Stealth        | 3 4 5 6 7 8 9 10 11 12 13 14 15 16 17 18 20 | 20.6
Fighting       | 5 6 7 8 9 10 11 12 13 14 15 16 17 18 20 | 20.9
Dodging        | 5 6 7 8 9 10 11 12 13 14 15 16 17 18 20 | 20.9
Ranged Weapons | 9 10 11 12 13 14 15 16 17 18 19 21 | 21.8

Action                   |  1- 3 |  4- 6 |  7- 9 | 10-12 | 13-15 | 16-18 | 19-21 | 22-24 | 25-27 || total
-------------------------+-------+-------+-------+-------+-------+-------+-------+-------+-------++-------
Melee: Short sword       |       |    25 |    17 |       |       |    39 |    90 |   127 |       ||   298
       Bite              |       |     1 |    23 |    96 |   104 |    18 |    64 |    42 |   120 ||   468
       Dagger            |       |       |   103 |   106 |   228 |    27 |    38 |    45 |       ||   547
       Punch             |       |       |     7 |     6 |       |       |       |       |       ||    13
       Falchion          |       |       |    12 |       |       |       |       |       |       ||    12
       Trident           |       |       |       |   368 |       |       |       |       |       ||   368
       Rapier            |       |       |       |     6 |       |       |       |       |   339 ||   345
       Unarmed           |       |       |       |     2 |       |       |       |     1 |     3 ||     6
       Demon trident     |       |       |       |    88 |   143 |       |       |       |       ||   231
       Scimitar          |       |       |       |   176 |    76 |       |       |       |       ||   252
       Hand axe          |       |       |       |    36 |    14 |       |       |       |       ||    50
       War axe           |       |       |       |       |   208 |    25 |   128 |    42 |       ||   403
       Hand crossbow     |       |       |       |       |     2 |       |       |       |     1 ||     3
       Quick blade       |       |       |       |       |       |       |       |       |   199 ||   199
 Fire: Shortbow          |    94 |   181 |   248 |   126 |       |       |       |       |       ||   649
       Hand crossbow     |       |       |       |       |   476 |   528 |  1035 |  1250 |  2397 ||  5686
Throw: Throwing net      |       |     2 |     1 |       |     1 |       |       |     3 |       ||     7
 Cast: Mephitic Cloud    |       |       |     4 |    56 |    91 |    14 |    52 |    34 |    47 ||   298
       Blink             |       |       |       |     8 |     4 |     1 |     4 |     2 |    23 ||    42
       Ignite Poison     |       |       |       |       |    11 |     4 |    12 |     8 |    18 ||    53
       Freezing Cloud    |       |       |       |       |       |    16 |    44 |    44 |    36 ||   140
       Alistair's Intoxi |       |       |       |       |       |     2 |     5 |     2 |    11 ||    20
       Passage of Golubr |       |       |       |       |       |       |       |     5 |    22 ||    27
       Portal Projectile |       |       |       |       |       |       |       |       |    18 ||    18
       Haunt             |       |       |       |       |       |       |       |       |     1 ||     1
       Necromutation     |       |       |       |       |       |       |       |       |    14 ||    14
       Apportation       |       |       |       |       |       |       |       |       |     1 ||     1
Invok: Shadow Step       |       |       |       |       |     2 |       |       |       |     6 ||     8
 Abil: End Transformatio |       |       |       |       |       |       |       |       |     2 ||     2
Evoke: Wand              |       |       |    15 |    17 |       |     6 |     1 |     5 |     3 ||    47
       Condenser vane    |       |       |       |       |       |       |     2 |       |       ||     2
       Phantom mirror    |       |       |       |       |       |       |       |       |     2 ||     2
       Tin of tremorston |       |       |       |       |       |       |       |       |     1 ||     1
  Use: Potion            |       |     2 |       |     1 |       |     2 |     2 |     2 |    17 ||    26
       Scroll            |       |       |       |    22 |    12 |     7 |     4 |     5 |    26 ||    76
 Stab: Confused          |       |       |     3 |    44 |    71 |     8 |    23 |    31 |    39 ||   219
       Distracted        |       |       |       |     5 |     2 |       |     1 |       |    10 ||    18
       Sleeping          |       |       |       |    12 |     9 |     8 |     6 |     6 |    17 ||    58
Armor: Leather armour    |     6 |    20 |    10 |       |       |       |       |       |       ||    36
       Acid dragon scale |       |       |    14 |   111 |       |       |       |       |       ||   125
       Ring mail         |       |       |       |    28 |    38 |       |       |       |    79 ||   145
       Scale mail        |       |       |       |       |   144 |    55 |   165 |   212 |   356 ||   932
       Fire dragon scale |       |       |       |       |       |       |       |       |   415 ||   415
Dodge: Dodged            |    10 |    71 |   132 |   386 |   318 |   102 |   243 |   290 |  1422 ||  2974
Block: Other             |       |     2 |    42 |    36 |       |       |       |       |       ||    80
       Reflection        |       |       |     1 |    16 |    22 |    71 |    73 |    73 |    46 ||   302
       Buckler           |       |       |       |   163 |       |       |       |       |       ||   163
       Kite shield       |       |       |       |   198 |   619 |   335 |   637 |   673 |  2365 ||  4827
